 Dungeon Crawl Stone Soup version 0.30-a0-222-ge547ba4400 (webtiles) character file.

Game seed: 2241646850309306664

412812 qw the Slayer (level 23, 0/162 HPs)
             Began as a Gargoyle Fighter on Oct 8, 2022.
             Was a High Priest of Okawaru.
             Slain by a red very ugly thing (13 damage)
             ... on level 3 of the Depths.
             The game lasted 00:25:03 (43496 turns).

qw the Slayer (Gargoyle Fighter)                   Turns: 43496, Time: 00:25:04

Health: 0/162      AC: 36    Str: 48    XL:     23   Next: 54%
Magic:  27/30      EV: 11    Int: 10    God:    Okawaru [*****.]
Gold:   1175       SH: 24    Dex:  5    Spells: 22/22 levels left

rFire   + . .      SeeInvis +    a - +7 broad axe (vamp)
rCold   . . .      Faith    .    v - +2 tower shield
rNeg    + . .      Spirit   .    i - +4 plate armour {rC+}
rPois   inf        Reflect  .    m - +1 helmet {SInv}
rElec   +          Harm     .    B - +0 cloak "Camuomoo" {Str+4}
rCorr   +          Rampage  .    y - +2 pair of gloves
Will    ++++.                    r - +0 pair of boots
Stlth   ..........               x - amulet of regeneration
HPRegen 1.27/turn                P - ring of Taosoog {Fire *Slow Will++ Str+8 Dex-4}
MPRegen 0.22/turn                A - ring of the King {rElec Will+ rCorr Str+4 Int+2}

@: about to teleport, heroic, finesse-ful, corroded, flying, slowed, very slow
A: sickness immunity, AC +17, big wings, negative energy resistance 1,
electricity resistance, torment resistance 1, petrification resistance,
iridescent scales 1
}: 2/15 runes: serpentine, barnacled
a: Renounce Religion, Heroism, Finesse, Duel


You were on level 3 of the Depths.
You worshipped Okawaru.
Okawaru was extremely pleased with you.
You visited 8 branches of the dungeon, and saw 40 of its levels.

You collected 4473 gold pieces.
You spent 3298 gold pieces at shops.


Innate Abilities, Weirdness & Mutations

You are immune to sickness and miasma.
Your stone body is resilient. (AC +17)
You are immune to poison.
Your large and strong wings let you fly.
You resist negative energy. (rN+)
You are resistant to electric shocks. (rElec)
You are resistant to unholy torment.
You are immune to petrification.
You are partially covered in iridescent scales. (AC +2)


   Skills:
 - Level 22.0(27) Fighting
 - Level 18.0(23.0) Axes
 - Level 12.0(17.0) Throwing
 + Level 20.6(25.6) Armour
 - Level 6.0(11.0) Dodging
 - Level 21.2(26.2) Shields
 - Level 10.0 Invocations


You had 22 spell levels left.
You didn't know any spells.
Your spell library was empty.

Inventory:

Hand Weapons
 a - a +7 vampiric broad axe (weapon)
 h - the +5 broad axe of Kithren {venom, rC+}
   (Okawaru gifted it to you on level 3 of the Snake Pit)

   It poisons the flesh of those it strikes.
   rC:        It protects you from cold.
 J - the +1 broad axe of the Boar {chaos, rF- rN+++ rCorr Str+2}
   (Okawaru gifted it to you on level 3 of the Snake Pit)

   Each time it hits an enemy it has a different, random effect.
   Str:       It affects your strength (+2).
   rF:        It makes you vulnerable to fire.
   rN:        It renders you almost immune to negative energy.
   rCorr:     It protects you from acid and corrosion.
Missiles
 b - 18 boomerangs
 f - a boomerang of dispersal
 q - a silver boomerang
 M - 5 javelins (quivered)
 Q - a silver javelin
Armour
 i - a +4 plate armour of cold resistance (worn)
 m - a +1 helmet of see invisible (worn)
 n - +0 acid dragon scales
 r - a +0 pair of boots (worn)
 v - a +2 tower shield (worn)
 w - the +4 tower shield "Ugije" {-Tele *Corrode rN+ Str+8 SInv}
   (You acquired it on level 7 of the Dungeon)

   Str:       It affects your strength (+8).
   rN:        It protects you from negative energy.
   SInv:      It lets you see invisible.
   -Tele:     It prevents most forms of teleportation.
   *Corrode:  It may corrode you when you take damage.
 y - a +2 pair of gloves (worn)
 B - the +0 cloak "Camuomoo" (worn) {Str+4}
   (Okawaru gifted it to you on level 1 of the Lair of Beasts)

   Str:       It affects your strength (+4).
 C - a +2 helmet
 F - the +1 pair of gloves of Gonieq {rPois Will- Str+5 Int+2}
   (Okawaru gifted it to you on level 1 of the Snake Pit)

   Str:       It affects your strength (+5).
   Int:       It affects your intelligence (+2).
   rPois:     It protects you from poison.
   Will:      It decreases your willpower.
 I - a +0 crystal plate armour
 K - the +5 kite shield of qw's True Grit {rPois rCorr Slay+3}
   (Okawaru gifted it to you on level 2 of the Depths)

   Slay:      It affects your accuracy & damage with ranged weapons and melee
   (+3).
   rPois:     It protects you from poison.
   rCorr:     It protects you from acid and corrosion.
 L - the +1 pair of boots of Gravitas {Harm MP+9}
   (Okawaru gifted it to you on level 2 of the Shoals)

   MP:        It affects your magic capacity (+9).
   Harm:      It increases damage dealt and taken.
 N - a scarf of resistance
 O - +0 gold dragon scales
Jewellery
 t - a ring of protection from cold
 x - an amulet of regeneration (around neck)
 A - the ring of the King (right hand) {rElec Will+ rCorr Str+4 Int+2}
   (You found it on level 7 of the Dungeon)

   [ring of resist corrosion]

   Str:       It affects your strength (+4).
   Int:       It affects your intelligence (+2).
   rElec:     It insulates you from electricity.
   rCorr:     It protects you from acid and corrosion.
   Will:      It increases your willpower.
 E - a +4 ring of protection
 G - the ring "Wonuoh" {+Blink rC+ rN+}
   (You bought it in a shop on level 2 of the Snake Pit)

   [ring of positive energy]

   rC:        It protects you from cold.
   rN:        It protects you from negative energy.
   +Blink:    It lets you blink.
 H - a ring of protection from fire
 P - the ring of Taosoog (left hand) {Fire *Slow Will++ Str+8 Dex-4}
   (You took it off a vault sentinel on level 4 of the Vaults)

   [ring of fire]

   It enhances your fire magic.
   Str:       It affects your strength (+8).
   Dex:       It affects your dexterity (-4).
   rF:        It protects you from fire.
   rC:        It makes you vulnerable to cold.
   *Slow:     It may slow you when you take damage.
   Will:      It greatly increases your willpower.
 Y - a ring of see invisible
Scrolls
 g - 16 scrolls of teleportation
 k - 13 scrolls of identify
Potions
 c - 6 potions of cancellation
 d - 9 potions of might
 e - 6 potions of mutation
 j - 8 potions of lignification
 l - 6 potions of attraction
 p - 2 potions of resistance
 s - 7 potions of magic
 u - 8 potions of haste
 z - 22 potions of curing

Dungeon Overview and Level Annotations

Branches:
Dungeon (15/15)            Temple (1/1) D:5            Lair (5/5) D:9
 Shoals (4/4) Lair:3        Snake (4/4) Lair:3        Slime (0/5) Lair:5
    Orc (2/2) D:10            Elf (0/3) Orc:2        Vaults (5/5) D:14
  Crypt (0/3) Vaults:3     Depths (4/4) D:15
    Zot: Depths:4

Altars:
Ashenzari
Cheibriados
Dithmenos
Elyvilon
Fedhas
Gozag
Hepliaklqana
Kikubaaqudgha
Makhleb
Nemelex Xobeh
Okawaru
Qazlal
Ru
Sif Muna
Trog
Uskayaw
Vehumet
Wu Jian
Xom
Yredelemnul
Zin
The Shining One

Shops:
D:6 [   Orc:2 !*?((   Shoals:1 *(*[*   Snake:2 ::=:   Snake:3 !?   Vaults:2 [
Vaults:3 :   Vaults:4 *   Depths:1 *   Depths:2 *

Portals:
Hell: Depths:1 Depths:2 Depths:3
Abyss: Lair:2 Depths:3
Pandemonium: Depths:2

Annotations:
D:7 2 transporters, qw's ghost, novice GrFi
D:9 1 runed translucent door
D:11 3 runed translucent doors, qw's ghost, journeyman GrFi
D:14 2 transporters, Kapsuk's ghost, journeyman DECj
Lair:2 2 transporters, Suk Xiy's ghost, journeyman DrTm
Lair:3 2 transporters, Kubamp's ghost, journeyman DEAE
Depths:3 2 runed translucent doors


Message History

You feel strangely unstable. The caustic shrike claws you.
The acid corrodes you!
You are splashed with acid.
You resist. The caustic shrike claws you!
You are splashed with acid.
You resist.
You block the caustic shrike's attack. x3
The caustic shrike closely misses you.
The caustic shrike claws you but does no damage. x2
The cyan ugly thing completely misses you.
The red very ugly thing completely misses you.
The caustic shrike misses you. The caustic shrike claws you!!
You are splashed with acid.
You resist.
The caustic shrike claws you but does no damage.
The caustic shrike barely misses you.
43495 ||| DRINKING 2 potions of heal wounds.
You feel much better. You block the caustic shrike's attack.
The caustic shrike completely misses you.
The caustic shrike barely misses you. The caustic shrike claws you!
You are splashed with acid.
You resist. You block the caustic shrike's attack.
The caustic shrike claws you!! The acid corrodes you!
You are splashed with acid.
You resist. The caustic shrike misses you.
The caustic shrike claws you but does no damage.
The cyan ugly thing engulfs you but does no damage.
The red very ugly thing gores you but does no damage.
You block the caustic shrike's attack. The caustic shrike claws you!
You are splashed with acid.
You resist.
The caustic shrike claws you but does no damage. x2
You block the cyan ugly thing's attack.
The red very ugly thing barely misses you.
43496 ||| DRINKING potion of heal wounds.
You feel much better. You block the caustic shrike's attack.
The caustic shrike claws you but does no damage.
You block the caustic shrike's attack. x2
The caustic shrike claws you but does no damage.
The caustic shrike claws you!!
You are splashed with acid.
You resist. You block the caustic shrike's attack.
The caustic shrike claws you.
You are splashed with acid.
You resist.
The cyan ugly thing engulfs you but does no damage.
The red very ugly thing gores you!
You die...

..##.............................
.#...............................
.#.#.............................
#...#########....................
#.### #....................
#############....................
......>..........................
...............bub...............
................@##..............
...............bub.##..##........
................#b...#...##......
.................#.#.#.....#.....
.................#....#..........
.........>........##..#...##.....
....<.).............##...#..##..#
.....[...................#....#..
....##..............#.....#.#.#..


You could see 5 caustic shrikes, a red very ugly thing and a cyan ugly thing.

Vanquished Creatures
  Mara (Snake:4)
  A juggernaut (Depths:2)
  Vashnia (Snake:3)
  Vv (Depths:3)
  Margery (Vaults:4)
  Saint Roka (Vaults:1)
  2 caustic shrikes
  3 golden dragons
  Jory (Vaults:2)
  4 liches
  Jorgrun (Snake:2)
  2 tentacled monstrosities
  A quicksilver dragon (Vaults:5)
  A titan (Vaults:5)
  Rupert (D:14)
  Asterion (Snake:1)
  An ancient champion (Vaults:3)
  3 sphinxes
  Gastronok (Lair:3)
  A kraken (Shoals:2)
  Kirke (D:14)
  3 shadow dragons
  2 storm dragons (Depths:2)
  Agnes (D:14)
  3 tengu reavers
  5 fire giants
  9 nagarajas
  Ilsuiw (Shoals:2)
  8 frost giants
  2 deep elf sorcerers
  A balrug (Depths:2)
  10 vault wardens
  Aizul (Snake:4)
  An orc warlord (D:12)
  27 very ugly things
  11 ironbound preservers
  23 stone giants
  3 war gargoyles
  5 ironbound thunderhulks
  2 vampire knights
  A deep elf demonologist (Vaults:4)
  12 dire elephants
  A spark wasp (shapeshifter) (Vaults:4)
  4 merfolk javelineers
  6 ettins
  A deep elf death mage (Vaults:5)
  13 fire dragons
  14 merfolk impalers
  4 great orbs of eyes
  3 entropy weavers
  Fannar (Lair:3)
  6 ice dragons
  7 yaktaur captains
  Josephine (Lair:4)
  6 hydras
  10 anacondas
  A peacekeeper (Vaults:2)
  3 salamander tyrants
  2 rakshasas
  3 merfolk avatars
  7 spriggan air magi
  Erolcha (D:13)
  28 vault guards
  A merfolk aquamancer (Shoals:4)
  4 catoblepae
  A two-headed ogre (shapeshifter) (Vaults:3)
  An anaconda (shapeshifter) (Vaults:5)
  3 satyrs
  3 boulder beetles
  2 alligator snapping turtles (Shoals:4)
  2 dancing weapons (D:14)
  4 ironbound frosthearts
  14 death yaks
  5 tengu warriors
  9 deep troll shamans
  3 two-headed ogres
  10 centaur warriors
  14 naga warriors
  8 shock serpents
  4 deep troll earth magi
  2 orc high priests
  Sonja (Lair:1)
  A vampire mage (Depths:2)
  A sun demon (Depths:2)
  A soul eater (Depths:2)
  4 spriggan berserkers (Depths:2)
  6 hell knights
  20 naga sharpshooters
  3 iron trolls
  A skeletal warrior (Vaults:3)
  A shadow wraith (Vaults:3)
  A sixfirhy (Depths:2)
  A glowing orange brain (Depths:1)
  8 sea snakes
  6 salamander mystics
  15 ironbound convokers
  A flayed ghost (Depths:1)
  39 deep trolls
  A spriggan simulacrum (Depths:3)
  9 lindwurms
  A bog body (Lair:1)
  39 harpies
  A kraken simulacrum (Shoals:4)
  10 naga ritualists
  2 phantasmal warriors (Vaults:3)
  9 wizards
  4 necromancers
  2 deep elf pyromancers
  8 orc knights
  A wolf spider (shapeshifter) (Vaults:5)
  An iron dragon zombie (Depths:3)
  12 mana vipers
  6 cyclopes
  59 ugly things
  14 fauns
  4 orc sorcerers
  15 slime creatures
  13 manticores
  An oklob plant (Lair:4)
  23 salamanders
  11 merfolk sirens
  45 black mambas
  16 vault sentinels
  8 guardian serpents
  8 water nymphs
  16 elephants
  3 gargoyles (D:12)
  A guardian serpent (shapeshifter) (D:13)
  15 naga magi
  A smoke demon (Depths:2)
  A torpor snail (Lair:1)
  11 cane toads
  3 orange demons (Depths:2)
  5 rime drakes
  A kobold demonologist (D:10)
  33 yaktaurs
  A rime drake (shapeshifter) (D:15)
  An efreet (D:15)
  A freezing wraith (Vaults:5)
  Psyche (D:9)
  6 komodo dragons
  A yaktaur (shapeshifter) (Vaults:5)
  2 ice devils
  2 tengu conjurers (Depths:3)
  32 merfolk
  A queen bee (Lair:2)
  5 trolls
  5 polar bears
  3 hornets
  12 wind drakes
  Prince Ribbit (D:6)
  A tarantella (Vaults:1)
  28 blink frogs
  19 dream sheep
  9 snapping turtles
  A centaur simulacrum (D:14)
  A dire elephant simulacrum (Lair:1)
  A jumping spider (shapeshifter) (Depths:2)
  A spriggan (Depths:2)
  A shadow (D:10)
  8 wyverns
  20 yaks
  5 water elementals
  8 wraiths
  3 humans (D:14)
  7 basilisks
  Eustachio (D:6)
  7 redbacks
  4 vampire mosquitoes (D:12)
  A glowing shapeshifter zombie (Depths:3)
  3 steam dragons
  A death yak simulacrum (Lair:1)
  5 wargs
  42 nagas
  5 acid dragons
  15 water moccasins
  2 floating eyes
  52 orc warriors
  2 sky beasts (D:7)
  A black bear (shapeshifter) (Vaults:4)
  2 ice beasts (D:6)
  3 black bears
  A tengu (shapeshifter) (Depths:2)
  2 ogres (Orc:1)
  23 wolves
  25 centaurs
  2 kobold brigands
  2 necrophages (D:6)
  13 bullfrogs
  A glowing shapeshifter simulacrum (Depths:3)
  2 gnoll sergeants
  5 scorpions
  An entropy weaver simulacrum (Lair:1)
  30 killer bees
  5 electric eels
  4 howler monkeys (D:9)
  5 hounds
  17 orc priests
  2 jellies (D:6)
  3 iguanas
  33 orc wizards
  A troll simulacrum (Lair:1)
  2 hell rats
  A polar bear simulacrum (Lair:1)
  2 wolf simulacra (Lair:1)
  11 gnolls
  8 adders
  A naga simulacrum (Lair:1)
  A river rat (Lair:2)
  2 shadow imps
  A white imp (D:6)
  An ufetubus (D:5)
  A worm (D:2)
  A dart slug (D:4)
  73 orcs
  12 ball pythons
  3 bats
  2 endoplasms
  5 goblins
  5 hobgoblins
  16 kobolds
  3 quokkas
  4 frilled lizards
  3 rats (D:1)
  A spectral kobold (D:9)
  3 tentacles (Shoals:2)
1568 creatures vanquished.

Vanquished Creatures (others)
  A fire giant (Depths:2)
  A vault warden (Vaults:2)
  A merfolk aquamancer (Shoals:4)
  2 wizards (Vaults:4)
  A yaktaur (Vaults:1)
  A troll (D:6)
  A water moccasin (D:6)
  An ice beast (D:5)
  An ogre (D:6)
  2 scorpions (D:6)
  An orc wizard (D:6)
  2 iguanas (D:6)
  An adder (D:5)
  An orc (D:6)
  A bush (Lair:5)
  53 fungi
  113 plants
  9 tentacles
193 creatures vanquished.

Grand Total: 1761 creatures vanquished

Notes
Turn   | Place    | Note
-------+----------+-------------------------------------------
     0 | D:1      | qw the Gargoyle Fighter began the quest for the Orb.
     0 | D:1      | Reached XP level 1. HP: 14/14 MP: 1/1
     0 | D:1      | 0 ||| qw: Version: 0.2-a-17-g06abaee
     0 | D:1      | 0 ||| qw: Game counter: 2020
     0 | D:1      | 0 ||| qw: Always use a shield: true
     0 | D:1      | 0 ||| qw: God list: Okawaru
     0 | D:1      | 0 ||| qw: Allow faded altars: false
     0 | D:1      | 0 ||| qw: Do Orc after D:15 true
     0 | D:1      | 0 ||| qw: Do second Lair branch before Depths: true
     0 | D:1      | 0 ||| qw: Lair rune preference: random
     0 | D:1      | 0 ||| qw: Plans: Normal, Zot:1-4, God:TSO, Crypt, Tomb,
                  | Pan, Slime:5, Hells, Abyss, Orb
     0 | D:1      | 0 ||| PLANNING D:1-11
    61 | D:1      | Reached XP level 2. HP: 15/19 MP: 2/2
   781 | D:1      | Found a faded altar of an unknown god.
   784 | D:1      | 784 ||| UPGRADING to +0 kite shield.
   794 | D:1      | 794 ||| DROPPING +0 buckler.
   795 | D:1      | 795 ||| READING scroll labelled KIJ LAIXOD.
   796 | D:1      | 796 ||| READING scroll labelled MOERGH YRPHEUBO.
   797 | D:1      | 797 ||| READING scroll labelled AGAABA WOTHOCUO.
   798 | D:1      | 798 ||| READING scroll labelled IGIUHE QIATUXO.
   799 | D:1      | 799 ||| READING 2 scrolls labelled HIOQEWA OSSE.
   800 | D:1      | 800 ||| READING scroll labelled GUELAQ NYTRUA.
   874 | D:2      | 874 ||| Stepping ~*~*~tactically~*~*~ (stealth).
   905 | D:2      | Reached skill level 3 in Axes
   905 | D:2      | Reached XP level 3. HP: 16/23 MP: 3/3
  1230 | D:2      | Reached XP level 4. HP: 28/28 MP: 4/4
  1520 | D:2      | 1520 ||| UPGRADING to +0 plate armour.
  1530 | D:2      | 1530 ||| DROPPING +0 scale mail.
  1531 | D:2      | 1531 ||| READING scroll labelled REIRILOMORGH.
  1532 | D:2      | 1532 ||| READING scroll labelled OGULUU FIMAGIGOIL.
  1913 | D:3      | Identified the +7 whip of Poatasm {flame, Str+3}
  1915 | D:3      | 1915 ||| DROPPING +0 club.
  1958 | D:3      | 1958 ||| Stepping ~*~*~tactically~*~*~ (stealth).
  1993 | D:3      | Noticed a scorpion
  2011 | D:3      | Killed a scorpion
  2012 | D:3      | Reached XP level 5. HP: 25/32 MP: 5/5
  2091 | D:3      | Found an opulent altar of Gozag.
  2394 | D:3      | 2394 ||| Stepping ~*~*~tactically~*~*~ (stealth).
  2533 | D:3      | 2533 ||| UPGRADING to +0 helmet.
  2538 | D:3      | 2538 ||| READING scroll labelled KATEBL GIDI.
  2539 | D:3      | 2539 ||| READING scroll labelled ZALANGISMUPS.
  2543 | D:3      | 2543 ||| READING scroll labelled NOCOULA PUVULO.
  2544 | D:3      | 2544 ||| DRINKING 2 fuming pink potions.
  2545 | D:3      | 2545 ||| READING 2 scrolls of identify.
  2545 | D:3      | 2545 ||| IDENTIFYING bubbling coppery potion
  2546 | D:3      | 2546 ||| DROPPING potion of flight.
  2579 | D:4      | 2579 ||| Stepping ~*~*~tactically~*~*~ (stealth).
  2680 | D:4      | 2680 ||| DROPPING +7 whip of Poatasm {flame, Str+3}.
  2742 | D:4      | Noticed a +0 hand axe
  2742 | D:4      | Noticed a +0 dagger
  2746 | D:4      | Found a hide-covered altar of Uskayaw.
  2784 | D:4      | 2784 ||| Stepping ~*~*~tactically~*~*~ (hiding).
  2907 | D:4      | Reached XP level 6. HP: 34/37 MP: 6/6
  2974 | D:4      | 2974 ||| Stepping ~*~*~tactically~*~*~ (stealth).
  3158 | D:4      | 3158 ||| READING scroll labelled TETISY GIOM QYWIKK.
  3159 | D:4      | 3159 ||| READING 2 scrolls of identify.
  3159 | D:4      | 3159 ||| IDENTIFYING clear potion
  3170 | D:5      | Entered Level 5 of the Dungeon
  3332 | D:5      | Killed an ice beast
  3357 | D:5      | 3357 ||| Stepping ~*~*~tactically~*~*~ (hiding).
  3371 | D:5      | 3371 ||| Stepping ~*~*~tactically~*~*~ (hiding).
  3382 | D:5      | Reached skill level 4 in Fighting
  3689 | D:5      | Found a staircase to the Ecumenical Temple.
  3690 | D:5      | 3690 ||| PLANNING TEMPLE
  3698 | Temple   | Entered the Ecumenical Temple
  3758 | Temple   | 3758 ||| PLANNING OKAWARU WORSHIP
  3775 | Temple   | Became a worshipper of Warmaster Okawaru
  3776 | Temple   | 3776 ||| PLANNING D:1-11
  3882 | D:5      | Reached XP level 7. HP: 43/43 MP: 7/7
  4015 | D:5      | Found a sacrificial altar of Ru.
  4196 | D:5      | Found a shimmering blue altar of Sif Muna.
  4227 | D:5      | Found a basalt altar of Yredelemnul.
  4345 | D:5      | 4345 ||| UPGRADING to +0 pair of gloves of hurling.
  4401 | D:6      | 4401 ||| Stepping ~*~*~tactically~*~*~ (stealth).
  4410 | D:6      | Found a bloodstained altar of Trog.
  4424 | D:6      | Reached skill level 6 in Axes
  4472 | D:6      | Noticed Eustachio
  4473 | D:6      | 4473 ||| Stepping ~*~*~tactically~*~*~ (hiding).
  4476 | D:6      | 4476 ||| Stepping ~*~*~tactically~*~*~ (hiding).
  4484 | D:6      | 4484 ||| Stepping ~*~*~tactically~*~*~ (hiding).
  4485 | D:6      | 4485 ||| Stepping ~*~*~tactically~*~*~ (hiding).
  4486 | D:6      | 4486 ||| Stepping ~*~*~tactically~*~*~ (hiding).
  4487 | D:6      | 4487 ||| Stepping ~*~*~tactically~*~*~ (hiding).
  4533 | D:6      | Killed Eustachio
  4533 | D:6      | Reached * piety under Okawaru
  4534 | D:6      | Reached skill level 6 in Shields
  4635 | D:6      | Reached skill level 1 in Invocations
  4678 | D:6      | Found a shimmering altar of Xom.
  4678 | D:6      | Noticed a troll
  4679 | D:6      | 4679 ||| Stepping ~*~*~tactically~*~*~ (stealth).
  4681 | D:6      | 4681 ||| Stepping ~*~*~tactically~*~*~ (stealth).
  4684 | D:6      | 4684 ||| INVOKING Heroism.
  4716 | D:6      | 4716 ||| INVOKING Heroism.
  4724 | D:6      | Reached XP level 8. HP: 45/48 MP: 5/9
  4786 | D:6      | Found Daotob's Antique Armour Emporium.
  4824 | D:6      | Killed a troll
  4852 | D:6      | 4852 ||| INVOKING Heroism.
  4953 | D:6      | 4953 ||| Stepping ~*~*~tactically~*~*~ (hiding).
  4954 | D:6      | 4954 ||| Stepping ~*~*~tactically~*~*~ (hiding).
  4957 | D:6      | 4957 ||| INVOKING Heroism.
  4962 | D:6      | Reached skill level 3 in Invocations
  4962 | D:6      | 4962 ||| Stepping ~*~*~tactically~*~*~ (cloud).
  4963 | D:6      | 4963 ||| Stepping ~*~*~tactically~*~*~ (cloud).
  5042 | D:6      | Noticed Prince Ribbit
  5043 | D:6      | 5043 ||| INVOKING Heroism.
  5057 | D:6      | 5057 ||| INVOKING Heroism.
  5058 | D:6      | Killed Prince Ribbit
  5148 | D:6      | 5148 ||| INVOKING Heroism.
  5150 | D:6      | 5150 ||| Stepping ~*~*~tactically~*~*~ (hiding).
  5361 | D:6      | 5361 ||| SHOPLISTING shiny plate armour (806 gold, have
                  | 390).
  5361 | D:6      | 5361 ||| BUYING shiny tower shield (232 gold).
  5361 | D:6      | Bought a shiny tower shield for 232 gold pieces
  5361 | D:6      | 5361 ||| UPGRADING to +0 cloak.
  5366 | D:6      | 5366 ||| UPGRADING to +2 tower shield.
  5376 | D:6      | 5376 ||| DROPPING +0 kite shield.
  5377 | D:6      | 5377 ||| DRINKING 2 purple potions.
  5436 | D:7      | 5436 ||| Stepping ~*~*~tactically~*~*~ (hiding).
  5437 | D:7      | 5437 ||| Stepping ~*~*~tactically~*~*~ (hiding).
  5440 | D:7      | 5440 ||| INVOKING Heroism.
  5452 | D:7      | 5452 ||| INVOKING Heroism.
  5467 | D:7      | 5467 ||| INVOKING Heroism.
  5470 | D:7      | Reached XP level 9. HP: 20/53 MP: 9/12
  5869 | D:7      | Identified the ring of the King {rElec Will+ rCorr Str+4
                  | Int+2}
  5889 | D:7      | 5889 ||| INVOKING Heroism.
  5904 | D:7      | 5904 ||| INVOKING Heroism.
  5936 | D:7      | 5936 ||| INVOKING Heroism.
  5951 | D:7      | Reached ** piety under Okawaru
  5983 | D:7      | Found a transporter.
  5990 | D:7      | Found a transporter.
  5996 | D:7      | Noticed a troll
  5997 | D:7      | Noticed qw's ghost (novice GrFi)
  5998 | D:7      | Found a bloodstained altar of Trog.
  5998 | D:7      | Noticed a moth of wrath
  6122 | D:7      | 6122 ||| UPGRADING to ring of the King {rElec Will+ rCorr
                  | Str+4 Int+2}.
  6123 | D:7      | 6123 ||| READING scroll labelled ETTUEF QOTZIOF.
  6124 | D:7      | 6124 ||| READING scroll labelled YSEWATT YTZYQE.
  6124 | D:7      | Identified a scroll of acquirement
  6124 | D:7      | 6124 ||| ACQUIRING +4 tower shield "Ugije" {-Tele *Corrode
                  | rN+ Str+8 SInv}
  6124 | D:7      | Acquired the +4 tower shield "Ugije" {-Tele *Corrode rN+
                  | Str+8 SInv}
  6126 | D:7      | 6126 ||| DRINKING 2 glowing sapphire potions.
  6126 | D:7      | Gained mutation: You are partially covered in iridescent
                  | scales. (AC +2) [potion of mutation]
  6127 | D:7      | 6127 ||| DRINKING 3 coppery potions.
  6151 | D:8      | 6151 ||| INVOKING Heroism.
  6152 | D:8      | 6152 ||| STAIRDANCE
  6169 | D:8      | 6169 ||| STAIRDANCE
  6182 | D:8      | 6182 ||| INVOKING Heroism.
  6199 | D:8      | 6199 ||| Stepping ~*~*~tactically~*~*~ (stealth).
  6274 | D:8      | 6274 ||| INVOKING Heroism.
  6276 | D:8      | 6276 ||| Stepping ~*~*~tactically~*~*~ (cloud).
  6291 | D:8      | Reached skill level 9 in Shields
  6382 | D:8      | 6382 ||| Stepping ~*~*~tactically~*~*~ (stealth).
  6386 | D:8      | 6386 ||| Stepping ~*~*~tactically~*~*~ (stealth).
  6388 | D:8      | 6388 ||| Stepping ~*~*~tactically~*~*~ (stealth).
  6522 | D:8      | Found a white marble altar of Elyvilon.
  6564 | D:8      | 6564 ||| Stepping ~*~*~tactically~*~*~ (hiding).
  6566 | D:8      | 6566 ||| INVOKING Heroism.
  6571 | D:8      | Reached skill level 1 in Dodging
  6795 | D:8      | Found an ancient bone altar of Kikubaaqudgha.
  6902 | D:8      | 6902 ||| READING scroll labelled MUASTR ICKO.
  6903 | D:8      | 6903 ||| READING scroll labelled LIMIYFROIBA.
  6935 | D:9      | 6935 ||| INVOKING Heroism.
  6992 | D:9      | Noticed a hornet
  7009 | D:9      | 7009 ||| INVOKING Heroism.
  7012 | D:9      | Killed a hornet
  7013 | D:9      | Reached skill level 5 in Fighting
  7083 | D:9      | 7083 ||| FLEEEEING.
  7088 | D:9      | 7088 ||| FLEEEEING.
  7089 | D:9      | 7089 ||| FLEEEEING.
  7114 | D:9      | Reached skill level 1 in Throwing
  7121 | D:9      | Found a radiant altar of Vehumet.
  7122 | D:9      | 7122 ||| Stepping ~*~*~tactically~*~*~ (hiding).
  7126 | D:9      | 7126 ||| Stepping ~*~*~tactically~*~*~ (hiding).
  7131 | D:9      | 7131 ||| INVOKING Heroism.
  7135 | D:9      | Noticed Psyche
  7150 | D:9      | Killed Psyche
  7151 | D:9      | Reached XP level 10. HP: 32/60 MP: 13/13
  7287 | D:9      | 7287 ||| FLEEEEING.
  7288 | D:9      | 7288 ||| FLEEEEING.
  7289 | D:9      | 7289 ||| FLEEEEING.
  7294 | D:9      | 7294 ||| INVOKING Heroism.
  7346 | D:9      | Found a staircase to the Lair.
  7488 | D:9      | 7488 ||| Stepping ~*~*~tactically~*~*~ (stealth).
  7707 | D:9      | Found a hazy altar of Hepliaklqana.
  7759 | D:9      | Noticed a sixfirhy
  7760 | D:9      | Found a runed translucent door.
  7765 | D:9      | 7765 ||| PLANNING LAIR
  7796 | Lair:1   | Entered Level 1 of the Lair of Beasts
  7812 | Lair:1   | Noticed a cane toad
  7813 | Lair:1   | 7813 ||| INVOKING Heroism.
  7814 | Lair:1   | Noticed a cane toad
  7819 | Lair:1   | Killed a cane toad
  7825 | Lair:1   | Killed a cane toad
  7825 | Lair:1   | Reached *** piety under Okawaru
  7837 | Lair:1   | Reached skill level 6 in Fighting
  7972 | Lair:1   | 7972 ||| INVOKING Heroism.
  7974 | Lair:1   | 7974 ||| Stepping ~*~*~tactically~*~*~ (stealth).
  7975 | Lair:1   | Noticed a bog body
  7987 | Lair:1   | HP: 15/60 [bog body (13)]
  7988 | Lair:1   | 7988 ||| READING 5 scrolls of teleportation.
  7989 | Lair:1   | 7989 ||| INVOKING Heroism.
  7990 | Lair:1   | 7990 ||| DRINKING 3 potions of heal wounds.
  7990 | Lair:1   | HP: 5/60 [bog body/bolt of cold (21)]
  7991 | Lair:1   | 7991 ||| DRINKING 2 potions of heal wounds.
  7999 | Lair:1   | Reached skill level 9 in Axes
  8001 | Lair:1   | Reached **** piety under Okawaru
  8166 | Lair:1   | 8166 ||| Stepping ~*~*~tactically~*~*~ (stealth).
  8167 | Lair:1   | 8167 ||| Stepping ~*~*~tactically~*~*~ (stealth).
  8168 | Lair:1   | Noticed a death yak
  8168 | Lair:1   | 8168 ||| Stepping ~*~*~tactically~*~*~ (stealth).
  8170 | Lair:1   | 8170 ||| INVOKING Heroism.
  8185 | Lair:1   | 8185 ||| Stepping ~*~*~tactically~*~*~ (stealth).
  8187 | Lair:1   | Killed a death yak
  8188 | Lair:1   | Reached XP level 11. HP: 27/64 MP: 13/15
  8191 | Lair:1   | 8191 ||| Stepping ~*~*~tactically~*~*~ (hiding).
  8192 | Lair:1   | 8192 ||| INVOKING Heroism.
  8193 | Lair:1   | 8193 ||| Stepping ~*~*~tactically~*~*~ (stealth).
  8197 | Lair:1   | 8197 ||| Stepping ~*~*~tactically~*~*~ (hiding).
  8198 | Lair:1   | 8198 ||| Stepping ~*~*~tactically~*~*~ (hiding).
  8200 | Lair:1   | Reached skill level 6 in Armour
  8200 | Lair:1   | 8200 ||| Stepping ~*~*~tactically~*~*~ (hiding).
  8201 | Lair:1   | 8201 ||| Stepping ~*~*~tactically~*~*~ (hiding).
  8207 | Lair:1   | Killed a bog body
  8208 | Lair:1   | Reached skill level 6 in Invocations
  8322 | Lair:1   | 8322 ||| Stepping ~*~*~tactically~*~*~ (water).
  8325 | Lair:1   | 8325 ||| INVOKING Heroism.
  8333 | Lair:1   | Reached skill level 12 in Shields
  8341 | Lair:1   | Reached ***** piety under Okawaru
  8367 | Lair:1   | 8367 ||| DROPPING +0 morningstar.
  8448 | Lair:1   | 8448 ||| INVOKING Heroism.
  8465 | Lair:1   | 8465 ||| INVOKING Heroism.
  8516 | Lair:1   | Noticed Sonja
  8516 | Lair:1   | Noticed a catoblepas
  8517 | Lair:1   | 8517 ||| INVOKING Finesse.
  8519 | Lair:1   | 8519 ||| INVOKING Heroism.
  8528 | Lair:1   | Noticed a death yak
  8530 | Lair:1   | Killed Sonja
  8531 | Lair:1   | Reached skill level 7 in Fighting
  8532 | Lair:1   | Noticed a death yak
  8536 | Lair:1   | Killed a catoblepas
  8536 | Lair:1   | Noticed a death yak
  8538 | Lair:1   | Noticed a death yak
  8538 | Lair:1   | Noticed a death yak
  8559 | Lair:1   | Killed a death yak
  8564 | Lair:1   | Killed a death yak
  8564 | Lair:1   | Identified the +0 cloak "Camuomoo" {Str+4} (Okawaru gifted
                  | it to you on level 1 of the Lair of Beasts)
  8564 | Lair:1   | Received a gift from Okawaru
  8567 | Lair:1   | Killed a death yak
  8570 | Lair:1   | HP: 11/67 [death yak (10)]
  8571 | Lair:1   | 8571 ||| READING 5 scrolls of teleportation.
  8571 | Lair:1   | HP: 1/67 [death yak (11)]
  8572 | Lair:1   | 8572 ||| DRINKING potion of heal wounds.
  8578 | Lair:1   | 8578 ||| INVOKING Heroism.
  8717 | Lair:1   | 8717 ||| INVOKING Heroism.
  8718 | Lair:1   | 8718 ||| INVOKING Finesse.
  8720 | Lair:1   | 8720 ||| Stepping ~*~*~tactically~*~*~ (water).
  8737 | Lair:1   | Killed a death yak
  8750 | Lair:1   | Killed a death yak
  8751 | Lair:1   | Reached skill level 9 in Invocations
  8942 | Lair:1   | 8942 ||| INVOKING Heroism.
  8949 | Lair:1   | Reached XP level 12. HP: 72/72 MP: 16/18
  8991 | Lair:1   | 8991 ||| INVOKING Heroism.
  9114 | Lair:1   | Noticed an anaconda
  9115 | Lair:1   | 9115 ||| Stepping ~*~*~tactically~*~*~ (stealth).
  9117 | Lair:1   | 9117 ||| INVOKING Heroism.
  9136 | Lair:1   | Killed an anaconda
  9153 | Lair:1   | 9153 ||| INVOKING Heroism.
  9264 | Lair:1   | 9264 ||| DROPPING +0 morningstar of freezing.
  9508 | Lair:1   | 9508 ||| UPGRADING to +0 cloak "Camuomoo" {Str+4}.
  9518 | Lair:1   | 9518 ||| DROPPING +0 cloak.
  9519 | Lair:1   | 9519 ||| DROPPING amulet of faith.
  9520 | Lair:1   | 9520 ||| UPGRADING to ring of positive energy.
  9521 | Lair:1   | 9521 ||| READING scroll labelled UXAMOMOILU.
  9535 | Lair:2   | 9535 ||| INVOKING Heroism.
  9536 | Lair:2   | 9536 ||| STAIRDANCE
  9549 | Lair:2   | 9549 ||| STAIRDANCE
  9768 | Lair:2   | 9768 ||| INVOKING Heroism.
  9777 | Lair:2   | Reached skill level 8 in Fighting
  9788 | Lair:2   | 9788 ||| Stepping ~*~*~tactically~*~*~ (stealth).
  9790 | Lair:2   | 9790 ||| Stepping ~*~*~tactically~*~*~ (stealth).
  9897 | Lair:2   | 9897 ||| Stepping ~*~*~tactically~*~*~ (stealth).
  9901 | Lair:2   | 9901 ||| Stepping ~*~*~tactically~*~*~ (stealth).
  9904 | Lair:2   | 9904 ||| INVOKING Heroism.
  9921 | Lair:2   | Received a gift from Okawaru
  9946 | Lair:2   | 9946 ||| Stepping ~*~*~tactically~*~*~ (stealth).
  9950 | Lair:2   | 9950 ||| Stepping ~*~*~tactically~*~*~ (stealth).
  9955 | Lair:2   | 9955 ||| Stepping ~*~*~tactically~*~*~ (stealth).
  9956 | Lair:2   | 9956 ||| Stepping ~*~*~tactically~*~*~ (stealth).
  9957 | Lair:2   | 9957 ||| Stepping ~*~*~tactically~*~*~ (stealth).
  9959 | Lair:2   | 9959 ||| Stepping ~*~*~tactically~*~*~ (stealth).
  9969 | Lair:2   | 9969 ||| INVOKING Heroism.
 10007 | Lair:2   | 10007 ||| SWAPPING to +1 vampiric broad axe.
 10008 | Lair:2   | 10008 ||| DROPPING +1 war axe of protection.
 10022 | Lair:2   | 10022 ||| Stepping ~*~*~tactically~*~*~ (stealth).
 10062 | Lair:2   | 10062 ||| Stepping ~*~*~tactically~*~*~ (stealth).
 10081 | Lair:2   | 10081 ||| INVOKING Heroism.
 10142 | Lair:2   | Noticed a catoblepas
 10145 | Lair:2   | 10145 ||| INVOKING Heroism.
 10146 | Lair:2   | 10146 ||| INVOKING Finesse.
 10162 | Lair:2   | Killed a catoblepas
 10189 | Lair:2   | 10189 ||| Stepping ~*~*~tactically~*~*~ (stealth).
 10195 | Lair:2   | 10195 ||| Stepping ~*~*~tactically~*~*~ (stealth).
 10213 | Lair:2   | 10213 ||| INVOKING Heroism.
 10226 | Lair:2   | Reached XP level 13. HP: 78/78 MP: 20/20
 10267 | Lair:2   | Found a transporter.
 10269 | Lair:2   | Noticed a rakshasa
 10300 | Lair:2   | Found a transporter.
 10448 | Lair:2   | Found a one-way gate to the infinite horrors of the Abyss.
 10974 | Lair:2   | 10974 ||| DRINKING 4 fuming purple potions.
 11075 | Lair:2   | 11075 ||| READING 2 scrolls of identify.
 11075 | Lair:2   | 11075 ||| IDENTIFYING glowing pink potion
 11076 | Lair:2   | 11076 ||| DROPPING 3 potions of ambrosia.
 11108 | Lair:3   | Found a staircase to the Snake Pit.
 11109 | Lair:3   | 11109 ||| INVOKING Heroism.
 11111 | Lair:3   | 11111 ||| Stepping ~*~*~tactically~*~*~ (stealth).
 11121 | Lair:3   | 11121 ||| Stepping ~*~*~tactically~*~*~ (stealth).
 11155 | Lair:3   | 11155 ||| INVOKING Heroism.
 11163 | Lair:3   | Received a gift from Okawaru
 11164 | Lair:3   | Reached skill level 9 in Fighting
 11168 | Lair:3   | 11168 ||| DROPPING +3 eveningstar of venom.
 11188 | Lair:3   | Found a transporter.
 11298 | Lair:3   | 11298 ||| INVOKING Heroism.
 11299 | Lair:3   | 11299 ||| Stepping ~*~*~tactically~*~*~ (stealth).
 11373 | Lair:3   | Noticed Fannar
 11379 | Lair:3   | 11379 ||| INVOKING Heroism.
 11409 | Lair:3   | Killed Fannar
 11588 | Lair:3   | Found a staircase to the Shoals.
 11630 | Lair:3   | Noticed Gastronok
 11631 | Lair:3   | 11631 ||| Stepping ~*~*~tactically~*~*~ (hiding).
 11632 | Lair:3   | 11632 ||| Stepping ~*~*~tactically~*~*~ (hiding).
 11636 | Lair:3   | 11636 ||| INVOKING Heroism.
 11657 | Lair:3   | Killed Gastronok
 11816 | Lair:3   | Found a transporter.
 11821 | Lair:3   | Noticed Kubamp's ghost (journeyman DEAE)
 12062 | Lair:3   | 12062 ||| UPGRADING to +2 pair of gloves.
 12072 | Lair:3   | 12072 ||| DROPPING +0 pair of gloves of hurling.
 12073 | Lair:3   | 12073 ||| READING 2 scrolls of identify.
 12073 | Lair:3   | 12073 ||| IDENTIFYING lumpy blue potion
 12074 | Lair:3   | 12074 ||| DROPPING potion of berserk rage.
 12117 | Lair:4   | 12117 ||| Stepping ~*~*~tactically~*~*~ (stealth).
 12118 | Lair:4   | Noticed Josephine
 12120 | Lair:4   | 12120 ||| INVOKING Heroism.
 12130 | Lair:4   | Killed Josephine
 12158 | Lair:4   | 12158 ||| Stepping ~*~*~tactically~*~*~ (stealth).
 12185 | Lair:4   | 12185 ||| READING scroll of enchant weapon.
 12185 | Lair:4   | 12185 ||| ENCHANTING +1 vampiric broad axe.
 12211 | Lair:4   | 12211 ||| Stepping ~*~*~tactically~*~*~ (stealth).
 12214 | Lair:4   | 12214 ||| INVOKING Heroism.
 12227 | Lair:4   | Reached skill level 12 in Axes
 12256 | Lair:4   | 12256 ||| INVOKING Finesse.
 12482 | Lair:4   | 12482 ||| INVOKING Heroism.
 12483 | Lair:4   | 12483 ||| INVOKING Finesse.
 12485 | Lair:4   | 12485 ||| SWAPPING to +1 war axe of flaming.
 12494 | Lair:4   | 12494 ||| SWAPPING to +2 vampiric broad axe.
 12503 | Lair:4   | Reached skill level 9 in Armour
 12673 | Lair:4   | 12673 ||| INVOKING Heroism.
 12677 | Lair:4   | 12677 ||| INVOKING Finesse.
 12684 | Lair:4   | 12684 ||| Stepping ~*~*~tactically~*~*~ (stealth).
 12687 | Lair:4   | 12687 ||| Stepping ~*~*~tactically~*~*~ (stealth).
 12731 | Lair:4   | 12731 ||| INVOKING Finesse.
 12737 | Lair:4   | 12737 ||| INVOKING Heroism.
 12841 | Lair:4   | Identified the +4 whip of Wealth {chaos, Dex+4}
 12943 | Lair:4   | Reached skill level 10 in Fighting
 13244 | Lair:4   | 13244 ||| READING 2 scrolls of identify.
 13244 | Lair:4   | 13244 ||| IDENTIFYING emerald potion
 13266 | Lair:5   | Entered Level 5 of the Lair of Beasts
 13275 | Lair:5   | 13275 ||| Stepping ~*~*~tactically~*~*~ (stealth).
 13276 | Lair:5   | 13276 ||| Stepping ~*~*~tactically~*~*~ (stealth).
 13400 | Lair:5   | 13400 ||| Stepping ~*~*~tactically~*~*~ (hiding).
 13401 | Lair:5   | 13401 ||| Stepping ~*~*~tactically~*~*~ (hiding).
 13431 | Lair:5   | 13431 ||| INVOKING Heroism.
 13443 | Lair:5   | Gained mutation: Your large and strong wings let you fly.
                  | [Gargoyle growth]
 13443 | Lair:5   | Reached XP level 14. HP: 88/88 MP: 19/21
 13552 | Lair:5   | 13552 ||| Stepping ~*~*~tactically~*~*~ (stealth).
 13597 | Lair:5   | 13597 ||| INVOKING Heroism.
 13614 | Lair:5   | Received a gift from Okawaru
 13638 | Lair:5   | 13638 ||| INVOKING Heroism.
 13675 | Lair:5   | 13675 ||| INVOKING Heroism.
 13681 | Lair:5   | Reached skill level 15 in Shields
 13726 | Lair:5   | Reached ****** piety under Okawaru
 13743 | Lair:5   | Received a gift from Okawaru
 13745 | Lair:5   | 13745 ||| DROPPING +2 war axe of venom.
 13755 | Lair:5   | 13755 ||| INVOKING Heroism.
 13869 | Lair:5   | Found a staircase to the Slime Pits.
 13954 | Lair:5   | 13954 ||| READING scroll of enchant weapon.
 13954 | Lair:5   | 13954 ||| ENCHANTING +2 vampiric broad axe.
 13971 | Lair:5   | 13971 ||| Stepping ~*~*~tactically~*~*~ (stealth).
 14018 | Lair:5   | 14018 ||| Stepping ~*~*~tactically~*~*~ (stealth).
 14019 | Lair:5   | 14019 ||| Stepping ~*~*~tactically~*~*~ (stealth).
 14109 | Lair:5   | 14109 ||| INVOKING Heroism.
 14110 | Lair:5   | 14110 ||| INVOKING Finesse.
 14111 | Lair:5   | 14111 ||| SWAPPING to +1 war axe of flaming.
 14117 | Lair:5   | 14117 ||| SWAPPING to +3 vampiric broad axe.
 14241 | Lair:5   | 14241 ||| INVOKING Heroism.
 14301 | Lair:5   | 14301 ||| INVOKING Heroism.
 14302 | Lair:5   | 14302 ||| INVOKING Finesse.
 14309 | Lair:5   | 14309 ||| Stepping ~*~*~tactically~*~*~ (hiding).
 14361 | Lair:5   | Noticed a dire elephant
 14362 | Lair:5   | 14362 ||| INVOKING Heroism.
 14381 | Lair:5   | Killed a dire elephant
 14382 | Lair:5   | 14382 ||| INVOKING Finesse.
 14387 | Lair:5   | 14387 ||| INVOKING Heroism.
 14479 | Lair:5   | Identified the +6 shortbow of Infinite Pain {vorpal, rC+
                  | Dex+5 SInv} (Okawaru gifted it to you on level 5 of the
                  | Lair of Beasts)
 14479 | Lair:5   | Received a gift from Okawaru
 14482 | Lair:5   | 14482 ||| Stepping ~*~*~tactically~*~*~ (stealth).
 14496 | Lair:5   | 14496 ||| Stepping ~*~*~tactically~*~*~ (stealth).
 14705 | Lair:5   | 14705 ||| PLANNING D:1-11
 14705 | Lair:5   | 14705 ||| READING 5 scrolls of identify.
 14705 | Lair:5   | 14705 ||| IDENTIFYING grey potion
 14706 | Lair:5   | 14706 ||| READING 4 scrolls of identify.
 14706 | Lair:5   | 14706 ||| IDENTIFYING black potion
 14707 | Lair:5   | 14707 ||| DROPPING potion of brilliance.
 14810 | D:10     | Entered Level 10 of the Dungeon
 14829 | D:10     | You are sucked into a shaft and drop 2 floors!
 14916 | D:12     | 14916 ||| INVOKING Heroism.
 14995 | D:11     | 14995 ||| INVOKING Heroism.
 14996 | D:11     | 14996 ||| INVOKING Finesse.
 14997 | D:11     | 14997 ||| SWAPPING to +1 war axe of flaming.
 15005 | D:11     | 15005 ||| SWAPPING to +3 vampiric broad axe.
 15086 | D:11     | 15086 ||| Stepping ~*~*~tactically~*~*~ (hiding).
 15088 | D:11     | 15088 ||| Stepping ~*~*~tactically~*~*~ (hiding).
 15214 | D:10     | Found a burning altar of Makhleb.
 15270 | D:10     | 15270 ||| INVOKING Heroism.
 15350 | D:10     | 15350 ||| INVOKING Heroism.
 15514 | D:10     | 15514 ||| Stepping ~*~*~tactically~*~*~ (hiding).
 15697 | D:10     | 15697 ||| INVOKING Heroism.
 15698 | D:10     | 15698 ||| INVOKING Finesse.
 15715 | D:10     | Reached skill level 11 in Fighting
 15932 | D:10     | Found a staircase to the Orcish Mines.
 16107 | D:10     | 16107 ||| UPGRADING to +2 plate armour of fire resistance.
 16117 | D:10     | 16117 ||| DROPPING +0 plate armour.
 16228 | D:11     | 16228 ||| INVOKING Heroism.
 16229 | D:11     | 16229 ||| INVOKING Finesse.
 16348 | D:11     | Found a runed translucent gate.
 16348 | D:11     | Found a runed translucent gate.
 16348 | D:11     | Found a runed translucent gate.
 16351 | D:11     | Noticed qw's ghost (journeyman GrFi)
 16411 | D:11     | Reached XP level 15. HP: 94/94 MP: 22/22
 16631 | D:11     | 16631 ||| PLANNING D
 16926 | D:12     | 16926 ||| INVOKING Heroism.
 16987 | D:12     | Found a blossoming altar of Fedhas.
 16988 | D:12     | 16988 ||| Stepping ~*~*~tactically~*~*~ (hiding).
 17217 | D:12     | Noticed an orc warlord
 17218 | D:12     | 17218 ||| Stepping ~*~*~tactically~*~*~ (hiding).
 17222 | D:12     | 17222 ||| INVOKING Heroism.
 17223 | D:12     | 17223 ||| INVOKING Finesse.
 17235 | D:12     | Killed an orc warlord
 17291 | D:12     | 17291 ||| Stepping ~*~*~tactically~*~*~ (stealth).
 17295 | D:12     | 17295 ||| Stepping ~*~*~tactically~*~*~ (stealth).
 17296 | D:12     | 17296 ||| INVOKING Heroism.
 17465 | D:12     | 17465 ||| INVOKING Heroism.
 17553 | D:12     | 17553 ||| INVOKING Heroism.
 17623 | D:12     | 17623 ||| INVOKING Heroism.
 17625 | D:12     | 17625 ||| Stepping ~*~*~tactically~*~*~ (hiding).
 17626 | D:12     | 17626 ||| Stepping ~*~*~tactically~*~*~ (hiding).
 17790 | D:12     | 17790 ||| UPGRADING to +4 plate armour of cold resistance.
 17800 | D:12     | 17800 ||| UPGRADING to +0 pair of boots.
 17811 | D:13     | Noticed Erolcha
 17815 | D:13     | 17815 ||| FLEEEEING.
 17816 | D:13     | 17816 ||| FLEEEEING.
 17817 | D:13     | 17817 ||| STAIRDANCE
 17870 | D:13     | 17870 ||| STAIRDANCE
 17904 | D:13     | 17904 ||| FLEEEEING.
 17905 | D:13     | 17905 ||| STAIRDANCE
 17968 | D:13     | Killed Erolcha
 18050 | D:13     | 18050 ||| Stepping ~*~*~tactically~*~*~ (hiding).
 18063 | D:13     | 18063 ||| Stepping ~*~*~tactically~*~*~ (stealth).
 18551 | D:13     | Received a gift from Okawaru
 18770 | D:13     | 18770 ||| UPGRADING to ring of see invisible.
 18851 | D:14     | 18851 ||| Stepping ~*~*~tactically~*~*~ (stealth).
 18919 | D:14     | 18919 ||| INVOKING Heroism.
 18920 | D:14     | 18920 ||| INVOKING Finesse.
 18921 | D:14     | 18921 ||| SWAPPING to +1 war axe of flaming.
 18929 | D:14     | 18929 ||| SWAPPING to +3 vampiric broad axe.
 18980 | D:14     | 18980 ||| Stepping ~*~*~tactically~*~*~ (hiding).
 18982 | D:14     | 18982 ||| Stepping ~*~*~tactically~*~*~ (hiding).
 18988 | D:14     | 18988 ||| INVOKING Heroism.
 18989 | D:14     | 18989 ||| INVOKING Finesse.
 18990 | D:14     | 18990 ||| SWAPPING to +1 war axe of flaming.
 18992 | D:14     | 18992 ||| Stepping ~*~*~tactically~*~*~ (hiding).
 18993 | D:14     | 18993 ||| SWAPPING to +3 vampiric broad axe.
 18994 | D:14     | 18994 ||| SWAPPING to +1 war axe of flaming.
 18997 | D:14     | 18997 ||| Stepping ~*~*~tactically~*~*~ (hiding).
 19000 | D:14     | 19000 ||| SWAPPING to +3 vampiric broad axe.
 19045 | D:14     | 19045 ||| INVOKING Heroism.
 19047 | D:14     | 19047 ||| SWAPPING to +1 war axe of flaming.
 19055 | D:14     | 19055 ||| SWAPPING to +3 vampiric broad axe.
 19156 | D:14     | 19156 ||| Stepping ~*~*~tactically~*~*~ (stealth).
 19219 | D:14     | 19219 ||| INVOKING Heroism.
 19222 | D:14     | 19222 ||| READING 8 scrolls of teleportation.
 19226 | D:14     | Noticed Agnes
 19227 | D:14     | 19227 ||| INVOKING Finesse.
 19230 | D:14     | Noticed Rupert
 19233 | D:14     | Reached skill level 3 in Throwing
 19235 | D:14     | Reached skill level 15 in Axes
 19240 | D:14     | Killed Agnes
 19241 | D:14     | Reached skill level 3 in Dodging
 19246 | D:14     | Noticed Kirke
 19254 | D:14     | Killed Rupert
 19256 | D:14     | Found a gate to the Vaults.
 19261 | D:14     | Killed Kirke
 19263 | D:14     | 19263 ||| Stepping ~*~*~tactically~*~*~ (stealth).
 19294 | D:14     | 19294 ||| Stepping ~*~*~tactically~*~*~ (stealth).
 19339 | D:14     | Found a transporter.
 19339 | D:14     | Found a transporter.
 19344 | D:14     | Noticed Kapsuk's ghost (journeyman DECj)
 19378 | D:14     | 19378 ||| Stepping ~*~*~tactically~*~*~ (hiding).
 19485 | D:14     | 19485 ||| Stepping ~*~*~tactically~*~*~ (hiding).
 19487 | D:14     | 19487 ||| Stepping ~*~*~tactically~*~*~ (hiding).
 19585 | D:14     | 19585 ||| Stepping ~*~*~tactically~*~*~ (stealth).
 19592 | D:14     | 19592 ||| INVOKING Heroism.
 19616 | D:14     | Reached skill level 12 in Fighting
 19794 | D:14     | 19794 ||| READING 14 scrolls of identify.
 19794 | D:14     | 19794 ||| IDENTIFYING metallic purple potion
 19795 | D:14     | 19795 ||| DROPPING potion of invisibility.
 19815 | D:15     | Entered Level 15 of the Dungeon
 19827 | D:15     | 19827 ||| INVOKING Heroism.
 19845 | D:15     | 19845 ||| Stepping ~*~*~tactically~*~*~ (stealth).
 19847 | D:15     | 19847 ||| Stepping ~*~*~tactically~*~*~ (stealth).
 19853 | D:15     | 19853 ||| Stepping ~*~*~tactically~*~*~ (stealth).
 19865 | D:15     | 19865 ||| INVOKING Heroism.
 19887 | D:15     | Found a staircase to the Depths.
 19890 | D:15     | 19890 ||| Stepping ~*~*~tactically~*~*~ (stealth).
 19947 | D:15     | 19947 ||| Stepping ~*~*~tactically~*~*~ (stealth).
 19950 | D:15     | 19950 ||| Stepping ~*~*~tactically~*~*~ (hiding).
 20122 | D:15     | 20122 ||| INVOKING Heroism.
 20132 | D:15     | Received a gift from Okawaru
 20133 | D:15     | Reached XP level 16. HP: 101/101 MP: 21/23
 20208 | D:15     | 20208 ||| INVOKING Heroism.
 20316 | D:15     | 20316 ||| INVOKING Heroism.
 20704 | D:15     | 20704 ||| PLANNING ORC
 20704 | D:15     | 20704 ||| UPGRADING to +1 helmet.
 20714 | D:15     | 20714 ||| DROPPING +0 helmet.
 20715 | D:15     | 20715 ||| DROPPING amulet of guardian spirit.
 20716 | D:15     | 20716 ||| READING 14 scrolls of identify.
 20716 | D:15     | 20716 ||| IDENTIFYING viscous coppery potion
 20717 | D:15     | 20717 ||| DROPPING potion of degeneration.
 20877 | Orc:1    | Entered Level 1 of the Orcish Mines
 20880 | Orc:1    | 20880 ||| INVOKING Heroism.
 20938 | Orc:1    | 20938 ||| INVOKING Heroism.
 20993 | Orc:1    | 20993 ||| Stepping ~*~*~tactically~*~*~ (stealth).
 20994 | Orc:1    | 20994 ||| Stepping ~*~*~tactically~*~*~ (stealth).
 20996 | Orc:1    | 20996 ||| INVOKING Heroism.
 21011 | Orc:1    | 21011 ||| Stepping ~*~*~tactically~*~*~ (stealth).
 21075 | Orc:1    | Found a frozen archway.
 21088 | Orc:1    | 21088 ||| Stepping ~*~*~tactically~*~*~ (stealth).
 21091 | Orc:1    | 21091 ||| Stepping ~*~*~tactically~*~*~ (stealth).
 21094 | Orc:1    | 21094 ||| Stepping ~*~*~tactically~*~*~ (stealth).
 21096 | Orc:1    | 21096 ||| Stepping ~*~*~tactically~*~*~ (hiding).
 21237 | Orc:1    | 21237 ||| Stepping ~*~*~tactically~*~*~ (hiding).
 21239 | Orc:1    | 21239 ||| Stepping ~*~*~tactically~*~*~ (hiding).
 21248 | Orc:1    | 21248 ||| Stepping ~*~*~tactically~*~*~ (hiding).
 21413 | Orc:1    | 21413 ||| INVOKING Heroism.
 21661 | Orc:2    | Entered Level 2 of the Orcish Mines
 21663 | Orc:2    | 21663 ||| Stepping ~*~*~tactically~*~*~ (stealth).
 21664 | Orc:2    | 21664 ||| INVOKING Heroism.
 21683 | Orc:2    | Found a staircase to the Elven Halls.
 21701 | Orc:2    | Received a gift from Okawaru
 21720 | Orc:2    | 21720 ||| INVOKING Heroism.
 21857 | Orc:2    | 21857 ||| INVOKING Heroism.
 21893 | Orc:2    | 21893 ||| INVOKING Finesse.
 21951 | Orc:2    | Found Maonud's Magic Scroll Shop.
 21951 | Orc:2    | Found Keizudgh's General Store.
 21951 | Orc:2    | Found Xievaoti's Distillery.
 21954 | Orc:2    | Found Taithach's Weapon Boutique.
 21959 | Orc:2    | 21959 ||| BUYING 2 potions of lignification (78 gold).
 21959 | Orc:2    | Bought 2 potions of lignification for 78 gold pieces
 21959 | Orc:2    | 21959 ||| BUYING potion of magic (104 gold).
 21959 | Orc:2    | Bought a potion of magic for 104 gold pieces
 21959 | Orc:2    | 21959 ||| BUYING scroll of teleportation (39 gold).
 21959 | Orc:2    | Bought a scroll of teleportation for 39 gold pieces
 21961 | Orc:2    | 21961 ||| BUYING potion of curing (51 gold).
 21961 | Orc:2    | Bought a potion of curing for 51 gold pieces
 21961 | Orc:2    | 21961 ||| BUYING potion of curing (51 gold).
 21961 | Orc:2    | Bought a potion of curing for 51 gold pieces
 21961 | Orc:2    | 21961 ||| BUYING potion of heal wounds (85 gold).
 21961 | Orc:2    | Bought a potion of heal wounds for 85 gold pieces
 21961 | Orc:2    | 21961 ||| BUYING potion of might (68 gold).
 21961 | Orc:2    | Bought a potion of might for 68 gold pieces
 21961 | Orc:2    | 21961 ||| BUYING potion of might (68 gold).
 21961 | Orc:2    | Bought a potion of might for 68 gold pieces
 21961 | Orc:2    | 21961 ||| BUYING potion of mutation (136 gold).
 21961 | Orc:2    | Bought a potion of mutation for 136 gold pieces
 21972 | Orc:2    | 21972 ||| Stepping ~*~*~tactically~*~*~ (stealth).
 21980 | Orc:2    | 21980 ||| Stepping ~*~*~tactically~*~*~ (hiding).
 22093 | Orc:2    | 22093 ||| STAIRDANCE
 22224 | Orc:2    | 22224 ||| INVOKING Heroism.
 22225 | Orc:2    | 22225 ||| Stepping ~*~*~tactically~*~*~ (hiding).
 22226 | Orc:2    | 22226 ||| Stepping ~*~*~tactically~*~*~ (hiding).
 22227 | Orc:2    | 22227 ||| Stepping ~*~*~tactically~*~*~ (hiding).
 22499 | Orc:2    | Found Sojeh's Weapon Shop.
 22516 | Orc:2    | 22516 ||| PLANNING SNAKE:1-3
 22682 | Snake:1  | Entered Level 1 of the Snake Pit
 22683 | Snake:1  | Noticed Asterion
 22684 | Snake:1  | 22684 ||| INVOKING Heroism.
 22685 | Snake:1  | 22685 ||| INVOKING Finesse.
 22704 | Snake:1  | Killed Asterion
 22802 | Snake:1  | 22802 ||| Stepping ~*~*~tactically~*~*~ (stealth).
 22804 | Snake:1  | 22804 ||| Stepping ~*~*~tactically~*~*~ (hiding).
 22827 | Snake:1  | 22827 ||| Stepping ~*~*~tactically~*~*~ (stealth).
 22832 | Snake:1  | 22832 ||| Stepping ~*~*~tactically~*~*~ (hiding).
 22891 | Snake:1  | 22891 ||| Stepping ~*~*~tactically~*~*~ (stealth).
 22894 | Snake:1  | 22894 ||| INVOKING Heroism.
 22917 | Snake:1  | Reached skill level 6 in Throwing
 23164 | Snake:1  | 23164 ||| Stepping ~*~*~tactically~*~*~ (hiding).
 23233 | Snake:1  | 23233 ||| Stepping ~*~*~tactically~*~*~ (stealth).
 23234 | Snake:1  | 23234 ||| Stepping ~*~*~tactically~*~*~ (stealth).
 23236 | Snake:1  | 23236 ||| Stepping ~*~*~tactically~*~*~ (hiding).
 23246 | Snake:1  | Reached skill level 12 in Armour
 23252 | Snake:1  | 23252 ||| Stepping ~*~*~tactically~*~*~ (stealth).
 23264 | Snake:1  | 23264 ||| INVOKING Heroism.
 23352 | Snake:1  | Identified the +1 pair of gloves of Gonieq {rPois Will-
                  | Str+5 Int+2} (Okawaru gifted it to you on level 1 of the
                  | Snake Pit)
 23352 | Snake:1  | Received a gift from Okawaru
 23469 | Snake:1  | Found a stormy altar of Qazlal.
 23478 | Snake:1  | Identified the +2 robe "Makhim" {Will+}
 23509 | Snake:1  | 23509 ||| INVOKING Heroism.
 23557 | Snake:1  | 23557 ||| Stepping ~*~*~tactically~*~*~ (hiding).
 23705 | Snake:2  | 23705 ||| Stepping ~*~*~tactically~*~*~ (hiding).
 23839 | Snake:2  | 23839 ||| Stepping ~*~*~tactically~*~*~ (hiding).
 23840 | Snake:2  | Noticed Jorgrun
 23840 | Snake:2  | 23840 ||| INVOKING Heroism.
 23841 | Snake:2  | 23841 ||| INVOKING Finesse.
 23850 | Snake:2  | Killed Jorgrun
 23933 | Snake:2  | 23933 ||| INVOKING Heroism.
 23948 | Snake:2  | 23948 ||| STAIRDANCE
 23951 | Snake:2  | 23951 ||| STAIRDANCE
 24060 | Snake:2  | 24060 ||| INVOKING Heroism.
 24112 | Snake:2  | Found Voaviok's Book Shoppe.
 24114 | Snake:2  | 24114 ||| Stepping ~*~*~tactically~*~*~ (stealth).
 24120 | Snake:2  | Found Iwiebuol's Jewellery Shop.
 24122 | Snake:2  | Found Oronn's Book Shoppe.
 24135 | Snake:2  | 24135 ||| BUYING +4 ring of protection (396 gold).
 24135 | Snake:2  | Bought a +4 ring of protection for 396 gold pieces
 24135 | Snake:2  | 24135 ||| BUYING ring "Wonuoh" {+Blink rC+ rN+} (451 gold).
 24135 | Snake:2  | Bought the ring "Wonuoh" {+Blink rC+ rN+} for 451 gold
                  | pieces
 24135 | Snake:2  | 24135 ||| BUYING ring of protection from fire (275 gold).
 24135 | Snake:2  | Bought a ring of protection from fire for 275 gold pieces
 24164 | Snake:2  | Reached XP level 17. HP: 106/106 MP: 24/24
 24168 | Snake:2  | 24168 ||| INVOKING Heroism.
 24170 | Snake:2  | 24170 ||| Stepping ~*~*~tactically~*~*~ (hiding).
 24281 | Snake:2  | Found Buukkah's Tremendous Tomes.
 24373 | Snake:2  | 24373 ||| Stepping ~*~*~tactically~*~*~ (hiding).
 24586 | Snake:2  | 24586 ||| DROPPING ring of ice.
 24587 | Snake:2  | 24587 ||| DROPPING ring of positive energy.
 24620 | Snake:3  | 24620 ||| Stepping ~*~*~tactically~*~*~ (stealth).
 24624 | Snake:3  | 24624 ||| INVOKING Heroism.
 24653 | Snake:3  | 24653 ||| INVOKING Heroism.
 24734 | Snake:3  | 24734 ||| Stepping ~*~*~tactically~*~*~ (hiding).
 24735 | Snake:3  | 24735 ||| Stepping ~*~*~tactically~*~*~ (hiding).
 24743 | Snake:3  | 24743 ||| INVOKING Heroism.
 24760 | Snake:3  | Found Raagun's Magic Scroll Emporium.
 24778 | Snake:3  | Found Suer's Distillery.
 24785 | Snake:3  | 24785 ||| BUYING scroll of teleportation (54 gold).
 24785 | Snake:3  | Bought a scroll of teleportation for 54 gold pieces
 24785 | Snake:3  | 24785 ||| BUYING scroll of teleportation (54 gold).
 24785 | Snake:3  | Bought a scroll of teleportation for 54 gold pieces
 24789 | Snake:3  | 24789 ||| BUYING potion of attraction (42 gold).
 24789 | Snake:3  | Bought a potion of attraction for 42 gold pieces
 24789 | Snake:3  | 24789 ||| BUYING potion of attraction (42 gold).
 24789 | Snake:3  | Bought a potion of attraction for 42 gold pieces
 24789 | Snake:3  | 24789 ||| BUYING potion of curing (42 gold).
 24789 | Snake:3  | Bought a potion of curing for 42 gold pieces
 24789 | Snake:3  | 24789 ||| BUYING potion of curing (42 gold).
 24789 | Snake:3  | Bought a potion of curing for 42 gold pieces
 24789 | Snake:3  | 24789 ||| SHOPLISTING potion of haste (140 gold, have 100).
 24789 | Snake:3  | 24789 ||| BUYING potion of heal wounds (70 gold).
 24789 | Snake:3  | Bought a potion of heal wounds for 70 gold pieces
 24789 | Snake:3  | 24789 ||| SHOPLISTING potion of heal wounds (70 gold, have
                  | 30).
 24789 | Snake:3  | 24789 ||| SHOPLISTING potion of resistance (140 gold, have
                  | 30).
 24843 | Snake:3  | 24843 ||| READING scroll of enchant weapon.
 24843 | Snake:3  | 24843 ||| ENCHANTING +3 vampiric broad axe.
 24887 | Snake:3  | 24887 ||| Stepping ~*~*~tactically~*~*~ (hiding).
 24895 | Snake:3  | 24895 ||| INVOKING Heroism.
 24927 | Snake:3  | 24927 ||| Stepping ~*~*~tactically~*~*~ (hiding).
 24929 | Snake:3  | 24929 ||| Stepping ~*~*~tactically~*~*~ (hiding).
 24931 | Snake:3  | 24931 ||| Stepping ~*~*~tactically~*~*~ (hiding).
 25049 | Snake:3  | Reached skill level 13 in Fighting
 25051 | Snake:3  | 25051 ||| Stepping ~*~*~tactically~*~*~ (hiding).
 25183 | Snake:3  | 25183 ||| Stepping ~*~*~tactically~*~*~ (hiding).
 25208 | Snake:3  | 25208 ||| INVOKING Heroism.
 25215 | Snake:3  | Noticed Vashnia
 25218 | Snake:3  | Identified the +5 broad axe of Kithren {venom, rC+}
                  | (Okawaru gifted it to you on level 3 of the Snake Pit)
 25218 | Snake:3  | Received a gift from Okawaru
 25236 | Snake:3  | Killed Vashnia
 25252 | Snake:3  | 25252 ||| INVOKING Heroism.
 25289 | Snake:3  | 25289 ||| Stepping ~*~*~tactically~*~*~ (hiding).
 25297 | Snake:3  | 25297 ||| Stepping ~*~*~tactically~*~*~ (hiding).
 25322 | Snake:3  | 25322 ||| INVOKING Heroism.
 25390 | Snake:3  | 25390 ||| Stepping ~*~*~tactically~*~*~ (hiding).
 25475 | Snake:3  | 25475 ||| Stepping ~*~*~tactically~*~*~ (hiding).
 25665 | Snake:3  | Identified the +1 broad axe of the Boar {chaos, rF- rN+++
                  | rCorr Str+2} (Okawaru gifted it to you on level 3 of the
                  | Snake Pit)
 25665 | Snake:3  | Received a gift from Okawaru
 25770 | Snake:3  | 25770 ||| PLANNING SHOALS:1-3
 25873 | Shoals:1 | Entered Level 1 of the Shoals
 25874 | Shoals:1 | 25874 ||| Stepping ~*~*~tactically~*~*~ (hiding).
 25875 | Shoals:1 | 25875 ||| Stepping ~*~*~tactically~*~*~ (hiding).
 25905 | Shoals:1 | 25905 ||| INVOKING Heroism.
 25936 | Shoals:1 | 25936 ||| Stepping ~*~*~tactically~*~*~ (stealth).
 25947 | Shoals:1 | 25947 ||| INVOKING Heroism.
 26147 | Shoals:1 | 26147 ||| INVOKING Heroism.
 26166 | Shoals:1 | 26166 ||| Stepping ~*~*~tactically~*~*~ (hiding).
 26198 | Shoals:1 | 26198 ||| READING scroll of enchant weapon.
 26198 | Shoals:1 | 26198 ||| ENCHANTING +4 vampiric broad axe.
 26266 | Shoals:1 | 26266 ||| INVOKING Heroism.
 26344 | Shoals:1 | Found Rupeunn's Assorted Antiques.
 26351 | Shoals:1 | 26351 ||| SHOPLISTING potion of haste (310 gold, have 235).
 26463 | Shoals:1 | Found Woutweazy's Merfolk Armours.
 26463 | Shoals:1 | Found Woutweazy's Visitors' Centre.
 26465 | Shoals:1 | 26465 ||| INVOKING Heroism.
 26496 | Shoals:1 | Found Woutweazy's Merfolk Weapons.
 26496 | Shoals:1 | Found Woutweazy's Merfolk Magic.
 26511 | Shoals:1 | 26511 ||| SHOPLISTING +2 pair of boots (264 gold, have
                  | 250).
 26516 | Shoals:1 | 26516 ||| SHOPLISTING scroll of teleportation (300 gold,
                  | have 250).
 26521 | Shoals:1 | 26521 ||| SHOPLISTING +4 ring of evasion (576 gold, have
                  | 250).
 26521 | Shoals:1 | 26521 ||| SHOPLISTING +4 ring of protection (576 gold, have
                  | 250).
 26521 | Shoals:1 | 26521 ||| SHOPLISTING amulet of reflection (480 gold, have
                  | 250).
 26572 | Shoals:1 | 26572 ||| Stepping ~*~*~tactically~*~*~ (hiding).
 26720 | Shoals:2 | 26720 ||| INVOKING Heroism.
 26729 | Shoals:2 | HP: 26/108 [merfolk/+0 trident[a merfolk impaler] (12)]
 26730 | Shoals:2 | 26730 ||| READING 13 scrolls of teleportation.
 26731 | Shoals:2 | 26731 ||| DRINKING 4 potions of heal wounds.
 26732 | Shoals:2 | 26732 ||| DRINKING 3 potions of heal wounds.
 26780 | Shoals:2 | 26780 ||| Stepping ~*~*~tactically~*~*~ (hiding).
 26785 | Shoals:2 | 26785 ||| INVOKING Heroism.
 26793 | Shoals:2 | Reached skill level 18 in Axes
 26797 | Shoals:2 | Received a gift from Okawaru
 26798 | Shoals:2 | Reached XP level 18. HP: 112/114 MP: 25/25
 26799 | Shoals:2 | 26799 ||| DROPPING +1 war axe of flaming.
 26855 | Shoals:2 | 26855 ||| INVOKING Heroism.
 26882 | Shoals:2 | 26882 ||| INVOKING Heroism.
 26889 | Shoals:2 | Noticed Ilsuiw
 26890 | Shoals:2 | 26890 ||| INVOKING Finesse.
 26966 | Shoals:2 | Killed Ilsuiw
 26966 | Shoals:2 | Identified the +1 pair of boots of Gravitas {Harm MP+9}
                  | (Okawaru gifted it to you on level 2 of the Shoals)
 26966 | Shoals:2 | Received a gift from Okawaru
 26967 | Shoals:2 | Reached skill level 14 in Fighting
 26995 | Shoals:2 | Reached skill level 18 in Shields
 27456 | Shoals:2 | 27456 ||| INVOKING Heroism.
 27587 | Shoals:3 | 27587 ||| INVOKING Heroism.
 27596 | Shoals:3 | 27596 ||| INVOKING Finesse.
 27871 | Shoals:3 | 27871 ||| INVOKING Heroism.
 27872 | Shoals:3 | 27872 ||| INVOKING Finesse.
 27991 | Shoals:3 | 27991 ||| INVOKING Heroism.
 28128 | Shoals:3 | 28128 ||| INVOKING Heroism.
 28259 | Shoals:3 | 28259 ||| Stepping ~*~*~tactically~*~*~ (hiding).
 28260 | Shoals:3 | 28260 ||| Stepping ~*~*~tactically~*~*~ (hiding).
 28471 | Shoals:3 | 28471 ||| PLANNING SNAKE:4
 28471 | Shoals:3 | 28471 ||| DROPPING ring of magical power.
 28599 | Snake:4  | Entered Level 4 of the Snake Pit
 28607 | Snake:4  | 28607 ||| Stepping ~*~*~tactically~*~*~ (hiding).
 28649 | Snake:4  | Noticed Mara
 28650 | Snake:4  | 28650 ||| INVOKING Heroism.
 28651 | Snake:4  | 28651 ||| INVOKING Finesse.
 28666 | Snake:4  | Killed Mara
 28712 | Snake:4  | 28712 ||| INVOKING Heroism.
 28724 | Snake:4  | Identified the +1 tower shield "Vyxere" {+Inv} (Okawaru
                  | gifted it to you on level 4 of the Snake Pit)
 28724 | Snake:4  | Received a gift from Okawaru
 28744 | Snake:4  | 28744 ||| INVOKING Heroism.
 28788 | Snake:4  | Reached skill level 15 in Fighting
 28856 | Snake:4  | 28856 ||| INVOKING Heroism.
 28890 | Snake:4  | 28890 ||| Stepping ~*~*~tactically~*~*~ (hiding).
 28892 | Snake:4  | 28892 ||| Stepping ~*~*~tactically~*~*~ (hiding).
 28896 | Snake:4  | 28896 ||| Stepping ~*~*~tactically~*~*~ (hiding).
 28907 | Snake:4  | Reached XP level 19. HP: 123/124 MP: 26/26
 28939 | Snake:4  | 28939 ||| Stepping ~*~*~tactically~*~*~ (hiding).
 28940 | Snake:4  | 28940 ||| Stepping ~*~*~tactically~*~*~ (hiding).
 29052 | Snake:4  | Got a serpentine rune of Zot
 29088 | Snake:4  | 29088 ||| INVOKING Heroism.
 29104 | Snake:4  | 29104 ||| READING scroll of enchant armour.
 29104 | Snake:4  | 29104 ||| ENCHANTING +1 helmet.
 29108 | Snake:4  | 29108 ||| Stepping ~*~*~tactically~*~*~ (hiding).
 29203 | Snake:4  | 29203 ||| Stepping ~*~*~tactically~*~*~ (hiding).
 29206 | Snake:4  | 29206 ||| INVOKING Heroism.
 29237 | Snake:4  | Noticed Aizul
 29238 | Snake:4  | 29238 ||| INVOKING Finesse.
 29251 | Snake:4  | Killed Aizul
 29283 | Snake:4  | 29283 ||| Stepping ~*~*~tactically~*~*~ (hiding).
 29284 | Snake:4  | 29284 ||| Stepping ~*~*~tactically~*~*~ (hiding).
 29483 | Snake:4  | 29483 ||| INVOKING Heroism.
 29506 | Snake:4  | Reached skill level 15 in Armour
 29579 | Snake:4  | 29579 ||| INVOKING Heroism.
 29642 | Snake:4  | 29642 ||| Stepping ~*~*~tactically~*~*~ (hiding).
 29646 | Snake:4  | 29646 ||| INVOKING Heroism.
 29812 | Snake:4  | 29812 ||| INVOKING Heroism.
 29819 | Snake:4  | Reached skill level 9 in Throwing
 29855 | Snake:4  | 29855 ||| READING scroll of enchant weapon.
 29855 | Snake:4  | 29855 ||| ENCHANTING +5 vampiric broad axe.
 30260 | Snake:4  | 30260 ||| DROPPING +1 tower shield "Vyxere" {+Inv}.
 30321 | Snake:4  | 30321 ||| PLANNING VAULTS:1-4
 30389 | Lair:2   | Noticed Suk Xiy's ghost (journeyman DrTm)
 30559 | Vaults:1 | Entered Level 1 of the Vaults
 30560 | Vaults:1 | 30560 ||| PLANNING WIZLAB
 30611 | Vaults:1 | 30611 ||| Stepping ~*~*~tactically~*~*~ (hiding).
 30757 | Vaults:1 | 30757 ||| INVOKING Heroism.
 30872 | Vaults:1 | 30872 ||| Stepping randomly (stuck).
 30873 | Vaults:1 | 30873 ||| Stepping randomly (stuck).
 30874 | Vaults:1 | 30874 ||| Stepping randomly (stuck).
 30876 | Vaults:1 | 30876 ||| INVOKING Heroism.
 30897 | Vaults:1 | 30897 ||| Stepping ~*~*~tactically~*~*~ (hiding).
 30920 | Vaults:1 | Received a gift from Okawaru
 31126 | Vaults:1 | 31126 ||| Stepping ~*~*~tactically~*~*~ (stealth).
 31128 | Vaults:1 | 31128 ||| Stepping ~*~*~tactically~*~*~ (stealth).
 31130 | Vaults:1 | 31130 ||| INVOKING Heroism.
 31132 | Vaults:1 | 31132 ||| Stepping ~*~*~tactically~*~*~ (stealth).
 31145 | Vaults:1 | Received a gift from Okawaru
 31151 | Vaults:1 | Reached skill level 16 in Fighting
 31190 | Vaults:1 | 31190 ||| Stepping ~*~*~tactically~*~*~ (hiding).
 31197 | Vaults:1 | 31197 ||| INVOKING Heroism.
 31237 | Vaults:1 | 31237 ||| RIP WIZLAB
 31316 | Vaults:1 | 31316 ||| PLANNING VAULTS:1-4
 31587 | Vaults:1 | 31587 ||| INVOKING Heroism.
 31607 | Vaults:1 | Noticed Saint Roka
 31608 | Vaults:1 | 31608 ||| INVOKING Finesse.
 31630 | Vaults:1 | Killed Saint Roka
 31648 | Vaults:1 | Received a gift from Okawaru
 31849 | Vaults:1 | 31849 ||| Stepping ~*~*~tactically~*~*~ (stealth).
 31851 | Vaults:1 | 31851 ||| INVOKING Heroism.
 31934 | Vaults:1 | 31934 ||| DROPPING +0 pair of gloves of stealth.
 31947 | Vaults:2 | 31947 ||| INVOKING Heroism.
 31968 | Vaults:2 | 31968 ||| Stepping ~*~*~tactically~*~*~ (stealth).
 32009 | Vaults:2 | 32009 ||| FLEEEEING.
 32012 | Vaults:2 | 32012 ||| FLEEEEING.
 32014 | Vaults:2 | 32014 ||| INVOKING Heroism.
 32022 | Vaults:2 | Noticed Jory
 32023 | Vaults:2 | 32023 ||| INVOKING Finesse.
 32064 | Vaults:2 | Killed Jory
 32135 | Vaults:2 | Reached skill level 17 in Fighting
 32135 | Vaults:2 | Reached XP level 20. HP: 131/134 MP: 27/27
 32213 | Vaults:2 | 32213 ||| INVOKING Heroism.
 32257 | Vaults:2 | 32257 ||| Stepping ~*~*~tactically~*~*~ (hiding).
 32437 | Vaults:2 | 32437 ||| Stepping ~*~*~tactically~*~*~ (hiding).
 32619 | Vaults:2 | 32619 ||| FLEEEEING.
 32623 | Vaults:2 | 32623 ||| FLEEEEING.
 32627 | Vaults:2 | 32627 ||| FLEEEEING.
 32628 | Vaults:2 | 32628 ||| FLEEEEING.
 32629 | Vaults:2 | 32629 ||| FLEEEEING.
 32630 | Vaults:2 | 32630 ||| FLEEEEING.
 32631 | Vaults:2 | 32631 ||| FLEEEEING.
 32632 | Vaults:2 | 32632 ||| FLEEEEING.
 32633 | Vaults:2 | 32633 ||| FLEEEEING.
 32634 | Vaults:2 | 32634 ||| FLEEEEING.
 32635 | Vaults:2 | 32635 ||| FLEEEEING.
 32636 | Vaults:2 | 32636 ||| FLEEEEING.
 32637 | Vaults:2 | 32637 ||| FLEEEEING.
 32638 | Vaults:2 | 32638 ||| FLEEEEING.
 32642 | Vaults:2 | 32642 ||| STAIRDANCE
 32744 | Vaults:1 | 32744 ||| DROPPING ring of ice.
 32865 | Vaults:2 | 32865 ||| Stepping ~*~*~tactically~*~*~ (stealth).
 32867 | Vaults:2 | 32867 ||| Stepping ~*~*~tactically~*~*~ (stealth).
 32869 | Vaults:2 | 32869 ||| FLEEEEING.
 32874 | Vaults:2 | 32874 ||| FLEEEEING.
 32880 | Vaults:2 | 32880 ||| FLEEEEING.
 32881 | Vaults:2 | 32881 ||| FLEEEEING.
 32884 | Vaults:2 | 32884 ||| FLEEEEING.
 32885 | Vaults:2 | 32885 ||| FLEEEEING.
 32886 | Vaults:2 | 32886 ||| FLEEEEING.
 32887 | Vaults:2 | 32887 ||| FLEEEEING.
 32888 | Vaults:2 | 32888 ||| FLEEEEING.
 32889 | Vaults:2 | 32889 ||| FLEEEEING.
 32890 | Vaults:2 | 32890 ||| FLEEEEING.
 32891 | Vaults:2 | 32891 ||| FLEEEEING.
 32892 | Vaults:2 | 32892 ||| FLEEEEING.
 32893 | Vaults:2 | 32893 ||| FLEEEEING.
 32894 | Vaults:2 | 32894 ||| FLEEEEING.
 32895 | Vaults:2 | 32895 ||| FLEEEEING.
 32896 | Vaults:2 | 32896 ||| FLEEEEING.
 32897 | Vaults:2 | 32897 ||| FLEEEEING.
 32898 | Vaults:2 | 32898 ||| FLEEEEING.
 32899 | Vaults:2 | 32899 ||| FLEEEEING.
 32900 | Vaults:2 | 32900 ||| FLEEEEING.
 32901 | Vaults:2 | 32901 ||| FLEEEEING.
 32902 | Vaults:2 | 32902 ||| FLEEEEING.
 32903 | Vaults:2 | 32903 ||| FLEEEEING.
 32904 | Vaults:2 | 32904 ||| FLEEEEING.
 32906 | Vaults:2 | 32906 ||| FLEEEEING.
 32907 | Vaults:2 | 32907 ||| FLEEEEING.
 32908 | Vaults:2 | 32908 ||| FLEEEEING.
 32911 | Vaults:2 | 32911 ||| STAIRDANCE
 33015 | Vaults:2 | 33015 ||| Stepping ~*~*~tactically~*~*~ (hiding).
 33126 | Vaults:2 | Identified the +1 ring mail of Sunlight {rC+}
 33143 | Vaults:2 | 33143 ||| Stepping ~*~*~tactically~*~*~ (hiding).
 33144 | Vaults:2 | 33144 ||| Stepping ~*~*~tactically~*~*~ (hiding).
 33151 | Vaults:2 | 33151 ||| INVOKING Heroism.
 33353 | Vaults:2 | Found Lagg's Antique Armour Boutique.
 33362 | Vaults:2 | 33362 ||| BUYING glowing scarf (264 gold).
 33362 | Vaults:2 | Bought a glowing scarf for 264 gold pieces
 33362 | Vaults:2 | 33362 ||| BUYING pair of glowing gloves (247 gold).
 33362 | Vaults:2 | Bought a pair of glowing gloves for 247 gold pieces
 33362 | Vaults:2 | 33362 ||| SHOPLISTING runed fire dragon scales (2079 gold,
                  | have 91).
 33440 | Vaults:2 | 33440 ||| DROPPING scarf of harm.
 33441 | Vaults:2 | 33441 ||| DROPPING +1 pair of gloves of stealth.
 33509 | Vaults:3 | 33509 ||| Stepping ~*~*~tactically~*~*~ (stealth).
 33514 | Vaults:3 | 33514 ||| INVOKING Heroism.
 33640 | Vaults:3 | 33640 ||| Stepping ~*~*~tactically~*~*~ (hiding).
 33716 | Vaults:3 | Found a staircase to the Crypt.
 33771 | Vaults:3 | 33771 ||| INVOKING Heroism.
 33839 | Vaults:3 | 33839 ||| Stepping ~*~*~tactically~*~*~ (hiding).
 33843 | Vaults:3 | 33843 ||| INVOKING Heroism.
 33849 | Vaults:3 | Received a gift from Okawaru
 33867 | Vaults:3 | 33867 ||| Stepping ~*~*~tactically~*~*~ (stealth).
 34018 | Vaults:3 | 34018 ||| Stepping ~*~*~tactically~*~*~ (hiding).
 34031 | Vaults:3 | 34031 ||| Stepping ~*~*~tactically~*~*~ (stealth).
 34066 | Vaults:3 | 34066 ||| Stepping ~*~*~tactically~*~*~ (hiding).
 34072 | Vaults:3 | 34072 ||| INVOKING Heroism.
 34219 | Vaults:3 | Found Vineib's Book Shop.
 34228 | Vaults:3 | 34228 ||| INVOKING Heroism.
 34249 | Vaults:3 | 34249 ||| Stepping ~*~*~tactically~*~*~ (hiding).
 34708 | Vaults:3 | 34708 ||| Stepping ~*~*~tactically~*~*~ (hiding).
 34744 | Vaults:3 | 34744 ||| Stepping ~*~*~tactically~*~*~ (stealth).
 34745 | Vaults:3 | 34745 ||| Stepping ~*~*~tactically~*~*~ (stealth).
 35015 | Vaults:3 | 35015 ||| DROPPING scarf of harm.
 35068 | Vaults:4 | 35068 ||| STAIRDANCE
 35119 | Vaults:4 | 35119 ||| Stepping ~*~*~tactically~*~*~ (stealth).
 35121 | Vaults:4 | 35121 ||| Stepping ~*~*~tactically~*~*~ (stealth).
 35130 | Vaults:4 | 35130 ||| Stepping ~*~*~tactically~*~*~ (stealth).
 35131 | Vaults:4 | 35131 ||| Stepping ~*~*~tactically~*~*~ (stealth).
 35136 | Vaults:4 | 35136 ||| Stepping ~*~*~tactically~*~*~ (stealth).
 35184 | Vaults:4 | 35184 ||| INVOKING Heroism.
 35200 | Vaults:4 | Reached skill level 18 in Fighting
 35288 | Vaults:4 | 35288 ||| INVOKING Heroism.
 35409 | Vaults:4 | 35409 ||| Stepping ~*~*~tactically~*~*~ (stealth).
 35411 | Vaults:4 | 35411 ||| Stepping ~*~*~tactically~*~*~ (stealth).
 35415 | Vaults:4 | 35415 ||| INVOKING Heroism.
 35495 | Vaults:4 | 35495 ||| INVOKING Heroism.
 35652 | Vaults:4 | 35652 ||| INVOKING Heroism.
 35660 | Vaults:4 | Identified the +0 scale mail "Parghyim" {-Tele Harm rN+
                  | Int+4} (Okawaru gifted it to you on level 4 of the Vaults)
 35660 | Vaults:4 | Received a gift from Okawaru
 35803 | Vaults:4 | 35803 ||| FLEEEEING.
 35804 | Vaults:4 | 35804 ||| FLEEEEING.
 35805 | Vaults:4 | 35805 ||| FLEEEEING.
 35806 | Vaults:4 | 35806 ||| FLEEEEING.
 35807 | Vaults:4 | 35807 ||| FLEEEEING.
 35808 | Vaults:4 | 35808 ||| FLEEEEING.
 35809 | Vaults:4 | 35809 ||| FLEEEEING.
 35810 | Vaults:4 | 35810 ||| FLEEEEING.
 35811 | Vaults:4 | 35811 ||| FLEEEEING.
 35812 | Vaults:4 | 35812 ||| FLEEEEING.
 35813 | Vaults:4 | 35813 ||| FLEEEEING.
 35814 | Vaults:4 | 35814 ||| FLEEEEING.
 35815 | Vaults:4 | 35815 ||| FLEEEEING.
 35816 | Vaults:4 | 35816 ||| FLEEEEING.
 35817 | Vaults:4 | 35817 ||| FLEEEEING.
 35818 | Vaults:4 | 35818 ||| FLEEEEING.
 35819 | Vaults:4 | 35819 ||| FLEEEEING.
 35820 | Vaults:4 | 35820 ||| FLEEEEING.
 35821 | Vaults:4 | 35821 ||| FLEEEEING.
 35822 | Vaults:4 | 35822 ||| FLEEEEING.
 35823 | Vaults:4 | 35823 ||| FLEEEEING.
 35824 | Vaults:4 | 35824 ||| FLEEEEING.
 35825 | Vaults:4 | 35825 ||| FLEEEEING.
 35830 | Vaults:4 | 35830 ||| FLEEEEING.
 35831 | Vaults:4 | 35831 ||| FLEEEEING.
 35839 | Vaults:4 | 35839 ||| STAIRDANCE
 35945 | Vaults:4 | 35945 ||| STAIRDANCE
 35952 | Vaults:4 | 35952 ||| STAIRDANCE
 35995 | Vaults:4 | 35995 ||| Stepping ~*~*~tactically~*~*~ (hiding).
 36010 | Vaults:4 | Reached XP level 21. HP: 141/141 MP: 28/28
 36079 | Vaults:4 | 36079 ||| Stepping ~*~*~tactically~*~*~ (hiding).
 36146 | Vaults:4 | 36146 ||| Stepping ~*~*~tactically~*~*~ (stealth).
 36165 | Vaults:4 | Found Kuefang's Assorted Antiques.
 36173 | Vaults:4 | 36173 ||| BUYING pair of runed gloves (165 gold).
 36173 | Vaults:4 | Bought a pair of runed gloves for 165 gold pieces
 36173 | Vaults:4 | 36173 ||| BUYING potion of curing (66 gold).
 36173 | Vaults:4 | Bought a potion of curing for 66 gold pieces
 36173 | Vaults:4 | 36173 ||| BUYING potion of magic (176 gold).
 36173 | Vaults:4 | Bought a potion of magic for 176 gold pieces
 36248 | Vaults:4 | 36248 ||| FLEEEEING.
 36250 | Vaults:4 | 36250 ||| FLEEEEING.
 36252 | Vaults:4 | 36252 ||| FLEEEEING.
 36253 | Vaults:4 | 36253 ||| FLEEEEING.
 36254 | Vaults:4 | 36254 ||| FLEEEEING.
 36255 | Vaults:4 | 36255 ||| FLEEEEING.
 36269 | Vaults:4 | Noticed Margery
 36270 | Vaults:4 | 36270 ||| DRINKING 4 potions of resistance.
 36272 | Vaults:4 | 36272 ||| INVOKING Heroism.
 36273 | Vaults:4 | 36273 ||| INVOKING Finesse.
 36290 | Vaults:4 | Killed Margery
 36495 | Vaults:4 | 36495 ||| FLEEEEING.
 36500 | Vaults:4 | 36500 ||| FLEEEEING.
 36501 | Vaults:4 | 36501 ||| FLEEEEING.
 36502 | Vaults:4 | 36502 ||| FLEEEEING.
 36503 | Vaults:4 | 36503 ||| FLEEEEING.
 36504 | Vaults:4 | 36504 ||| FLEEEEING.
 36505 | Vaults:4 | 36505 ||| FLEEEEING.
 36507 | Vaults:4 | 36507 ||| FLEEEEING.
 36508 | Vaults:4 | 36508 ||| FLEEEEING.
 36509 | Vaults:4 | 36509 ||| FLEEEEING.
 36516 | Vaults:4 | 36516 ||| FLEEEEING.
 36517 | Vaults:4 | 36517 ||| FLEEEEING.
 36518 | Vaults:4 | 36518 ||| FLEEEEING.
 36519 | Vaults:4 | 36519 ||| FLEEEEING.
 36524 | Vaults:4 | 36524 ||| FLEEEEING.
 36531 | Vaults:4 | 36531 ||| FLEEEEING.
 36534 | Vaults:4 | 36534 ||| FLEEEEING.
 36535 | Vaults:4 | 36535 ||| FLEEEEING.
 36536 | Vaults:4 | 36536 ||| FLEEEEING.
 36537 | Vaults:4 | 36537 ||| FLEEEEING.
 36538 | Vaults:4 | 36538 ||| FLEEEEING.
 36539 | Vaults:4 | 36539 ||| FLEEEEING.
 36540 | Vaults:4 | 36540 ||| FLEEEEING.
 36541 | Vaults:4 | 36541 ||| FLEEEEING.
 36542 | Vaults:4 | 36542 ||| FLEEEEING.
 36543 | Vaults:4 | 36543 ||| FLEEEEING.
 36544 | Vaults:4 | 36544 ||| FLEEEEING.
 36545 | Vaults:4 | 36545 ||| FLEEEEING.
 36549 | Vaults:4 | 36549 ||| INVOKING Heroism.
 36557 | Vaults:4 | Reached skill level 18 in Armour
 36856 | Vaults:4 | 36856 ||| Stepping ~*~*~tactically~*~*~ (hiding).
 36859 | Vaults:4 | 36859 ||| Stepping ~*~*~tactically~*~*~ (hiding).
 36864 | Vaults:4 | 36864 ||| INVOKING Heroism.
 37103 | Vaults:4 | 37103 ||| DROPPING +1 pair of gloves.
 37104 | Vaults:4 | 37104 ||| UPGRADING to amulet of the acrobat.
 37133 | Vaults:5 | Entered Level 5 of the Vaults
 37134 | Vaults:5 | 37134 ||| INVOKING Heroism.
 37135 | Vaults:5 | 37135 ||| STAIRDANCE
 37135 | Vaults:5 | Noticed a golden dragon
 37150 | Vaults:5 | 37150 ||| STAIRDANCE
 37165 | Vaults:5 | 37165 ||| STAIRDANCE
 37180 | Vaults:5 | 37180 ||| INVOKING Heroism.
 37181 | Vaults:5 | 37181 ||| INVOKING Finesse.
 37182 | Vaults:5 | 37182 ||| INVOKING Finesse.
 37192 | Vaults:5 | Killed a golden dragon
 37194 | Vaults:5 | Reached skill level 19 in Fighting
 37194 | Vaults:5 | Identified the +3 leather armour of Copsoire {Str+4 Int+4}
 37196 | Vaults:5 | 37196 ||| STAIRDANCE
 37207 | Vaults:5 | Identified the ring of Taosoog {Fire *Slow Will++ Str+8
                  | Dex-4}
 37234 | Vaults:5 | Noticed a golden dragon
 37239 | Vaults:5 | 37239 ||| STAIRDANCE
 37253 | Vaults:5 | 37253 ||| STAIRDANCE
 37267 | Vaults:5 | 37267 ||| INVOKING Heroism.
 37268 | Vaults:5 | 37268 ||| INVOKING Finesse.
 37270 | Vaults:5 | Received a gift from Okawaru
 37277 | Vaults:5 | Killed a golden dragon
 37285 | Vaults:5 | Received a gift from Okawaru
 37286 | Vaults:5 | 37286 ||| STAIRDANCE
 37301 | Vaults:5 | 37301 ||| STAIRDANCE
 37308 | Vaults:4 | Reached skill level 6 in Dodging
 37318 | Vaults:5 | 37318 ||| STAIRDANCE
 37334 | Vaults:5 | 37334 ||| STAIRDANCE
 37336 | Vaults:4 | 37336 ||| INVOKING Heroism.
 37366 | Vaults:5 | 37366 ||| INVOKING Heroism.
 37376 | Vaults:5 | Received a gift from Okawaru
 37458 | Vaults:4 | 37458 ||| DROPPING ring of fire.
 37459 | Vaults:4 | 37459 ||| UPGRADING to ring of Taosoog {Fire *Slow Will++
                  | Str+8 Dex-4}.
 37461 | Vaults:4 | 37461 ||| UPGRADING to ring of the King {rElec Will+ rCorr
                  | Str+4 Int+2}.
 37463 | Vaults:4 | 37463 ||| UPGRADING to +1 helmet of see invisible.
 37479 | Vaults:4 | 37479 ||| PLANNING SHOALS:4
 37858 | Shoals:4 | Entered Level 4 of the Shoals
 37868 | Shoals:4 | 37868 ||| Stepping ~*~*~tactically~*~*~ (hiding).
 37870 | Shoals:4 | 37870 ||| INVOKING Heroism.
 37871 | Shoals:4 | 37871 ||| INVOKING Finesse.
 37924 | Shoals:4 | 37924 ||| Stepping ~*~*~tactically~*~*~ (hiding).
 37947 | Shoals:4 | Got a barnacled rune of Zot
 38011 | Shoals:4 | 38011 ||| Stepping ~*~*~tactically~*~*~ (hiding).
 38128 | Shoals:4 | 38128 ||| Stepping ~*~*~tactically~*~*~ (stealth).
 38131 | Shoals:4 | 38131 ||| INVOKING Heroism.
 38139 | Shoals:4 | Received a gift from Okawaru
 38162 | Shoals:4 | 38162 ||| INVOKING Heroism.
 38207 | Shoals:4 | Identified the +7 hand axe of the Blowfly {freeze, *Corrode
                  | Int+4 Dex+5 SInv} (Okawaru gifted it to you on level 4 of
                  | the Shoals)
 38207 | Shoals:4 | Received a gift from Okawaru
 38220 | Shoals:4 | 38220 ||| Stepping ~*~*~tactically~*~*~ (hiding).
 38222 | Shoals:4 | 38222 ||| Stepping ~*~*~tactically~*~*~ (hiding).
 38235 | Shoals:4 | 38235 ||| INVOKING Heroism.
 38240 | Shoals:4 | Identified the +4 plate armour of Lifelessness {rN++ Str-4
                  | Int+6}
 38391 | Shoals:4 | 38391 ||| INVOKING Heroism.
 38460 | Shoals:4 | 38460 ||| Stepping ~*~*~tactically~*~*~ (hiding).
 38501 | Shoals:4 | 38501 ||| Stepping ~*~*~tactically~*~*~ (stealth).
 38504 | Shoals:4 | 38504 ||| Stepping ~*~*~tactically~*~*~ (stealth).
 38598 | Shoals:4 | 38598 ||| INVOKING Heroism.
 38616 | Shoals:4 | Reached XP level 22. HP: 149/149 MP: 29/29
 38893 | Shoals:4 | 38893 ||| Stepping ~*~*~tactically~*~*~ (hiding).
 38899 | Shoals:4 | 38899 ||| INVOKING Heroism.
 38904 | Shoals:4 | 38904 ||| Stepping ~*~*~tactically~*~*~ (hiding).
 38905 | Shoals:4 | 38905 ||| Stepping ~*~*~tactically~*~*~ (hiding).
 38986 | Shoals:4 | 38986 ||| Stepping ~*~*~tactically~*~*~ (hiding).
 38987 | Shoals:4 | 38987 ||| Stepping ~*~*~tactically~*~*~ (hiding).
 39085 | Shoals:4 | 39085 ||| PLANNING DEPTHS
 39085 | Shoals:4 | 39085 ||| DROPPING +0 plate armour of cold resistance.
 39086 | Shoals:4 | 39086 ||| UPGRADING to amulet of regeneration.
 39096 | Shoals:4 | 39096 ||| DROPPING amulet of the acrobat.
 39389 | Depths:1 | Entered Level 1 of the Depths
 39390 | Depths:1 | 39390 ||| INVOKING Heroism.
 39400 | Depths:1 | 39400 ||| INVOKING Finesse.
 39414 | Depths:1 | 39414 ||| Stepping ~*~*~tactically~*~*~ (stealth).
 39499 | Depths:1 | Found a gateway to Hell.
 39529 | Depths:1 | 39529 ||| Stepping ~*~*~tactically~*~*~ (stealth).
 39531 | Depths:1 | 39531 ||| INVOKING Heroism.
 39545 | Depths:1 | Received a gift from Okawaru
 39572 | Depths:1 | 39572 ||| INVOKING Heroism.
 39573 | Depths:1 | 39573 ||| Stepping ~*~*~tactically~*~*~ (stealth).
 39595 | Depths:1 | 39595 ||| INVOKING Heroism.
 39596 | Depths:1 | 39596 ||| Stepping ~*~*~tactically~*~*~ (stealth).
 39597 | Depths:1 | 39597 ||| Stepping ~*~*~tactically~*~*~ (stealth).
 39599 | Depths:1 | 39599 ||| Stepping ~*~*~tactically~*~*~ (stealth).
 39603 | Depths:1 | 39603 ||| Stepping ~*~*~tactically~*~*~ (stealth).
 39607 | Depths:1 | 39607 ||| Stepping ~*~*~tactically~*~*~ (stealth).
 39619 | Depths:1 | Reached skill level 20 in Fighting
 39634 | Depths:1 | 39634 ||| INVOKING Finesse.
 39704 | Depths:1 | Found Ostredae's Changing Room.
 39722 | Depths:1 | 39722 ||| SHOPLISTING 2 potions of mutation (272 gold, have
                  | 267).
 40052 | Depths:1 | 40052 ||| INVOKING Heroism.
 40053 | Depths:1 | 40053 ||| INVOKING Finesse.
 40061 | Depths:1 | Reached skill level 21 in Shields
 40146 | Depths:1 | 40146 ||| Stepping ~*~*~tactically~*~*~ (hiding).
 40185 | Depths:1 | 40185 ||| INVOKING Heroism.
 40186 | Depths:1 | 40186 ||| INVOKING Finesse.
 40211 | Depths:1 | 40211 ||| Stepping ~*~*~tactically~*~*~ (hiding).
 40257 | Depths:1 | 40257 ||| READING scroll of enchant weapon.
 40257 | Depths:1 | 40257 ||| ENCHANTING +6 vampiric broad axe.
 40305 | Depths:1 | You are sucked into a shaft and drop 1 floor!
 40321 | Depths:2 | 40321 ||| Stepping ~*~*~tactically~*~*~ (stealth).
 40323 | Depths:2 | 40323 ||| Stepping ~*~*~tactically~*~*~ (hiding).
 40329 | Depths:2 | 40329 ||| INVOKING Heroism.
 40330 | Depths:2 | 40330 ||| INVOKING Finesse.
 40385 | Depths:2 | 40385 ||| Stepping ~*~*~tactically~*~*~ (hiding).
 40404 | Depths:2 | 40404 ||| Stepping ~*~*~tactically~*~*~ (stealth).
 40405 | Depths:2 | 40405 ||| Stepping ~*~*~tactically~*~*~ (stealth).
 40406 | Depths:2 | 40406 ||| Stepping ~*~*~tactically~*~*~ (stealth).
 40408 | Depths:2 | 40408 ||| Stepping ~*~*~tactically~*~*~ (stealth).
 40409 | Depths:2 | 40409 ||| Stepping ~*~*~tactically~*~*~ (hiding).
 40415 | Depths:2 | Received a gift from Okawaru
 40427 | Depths:2 | 40427 ||| Stepping ~*~*~tactically~*~*~ (hiding).
 40434 | Depths:2 | 40434 ||| INVOKING Heroism.
 40435 | Depths:2 | 40435 ||| INVOKING Finesse.
 40477 | Depths:2 | Noticed a juggernaut
 40486 | Depths:2 | Killed a juggernaut
 40487 | Depths:2 | Reached skill level 21 in Fighting
 40511 | Depths:2 | Noticed a caustic shrike
 40515 | Depths:2 | Killed a caustic shrike
 40520 | Depths:2 | Found the +5 lochaber axe {reach-cleave, poleaxe Drain}
 40531 | Depths:2 | 40531 ||| INVOKING Heroism.
 40534 | Depths:2 | Identified the +5 kite shield of qw's True Grit {rPois
                  | rCorr Slay+3} (Okawaru gifted it to you on level 2 of the
                  | Depths)
 40534 | Depths:2 | Received a gift from Okawaru
 40545 | Depths:2 | 40545 ||| Stepping ~*~*~tactically~*~*~ (hiding).
 40553 | Depths:2 | 40553 ||| Stepping ~*~*~tactically~*~*~ (hiding).
 40556 | Depths:2 | 40556 ||| INVOKING Finesse.
 40596 | Depths:2 | Identified the +3 leather armour "Guresch" {+Inv rPois rF++
                  | Dex-2}
 40684 | Depths:2 | 40684 ||| INVOKING Heroism.
 40754 | Depths:2 | 40754 ||| Stepping ~*~*~tactically~*~*~ (stealth).
 40756 | Depths:2 | 40756 ||| Stepping ~*~*~tactically~*~*~ (stealth).
 40817 | Depths:2 | 40817 ||| Stepping ~*~*~tactically~*~*~ (hiding).
 40820 | Depths:2 | 40820 ||| INVOKING Heroism.
 40896 | Depths:2 | 40896 ||| Stepping ~*~*~tactically~*~*~ (stealth).
 40897 | Depths:2 | 40897 ||| Stepping ~*~*~tactically~*~*~ (stealth).
 40920 | Depths:2 | 40920 ||| Stepping ~*~*~tactically~*~*~ (stealth).
 40921 | Depths:2 | 40921 ||| Stepping ~*~*~tactically~*~*~ (stealth).
 40922 | Depths:2 | 40922 ||| Stepping ~*~*~tactically~*~*~ (stealth).
 40923 | Depths:2 | 40923 ||| Stepping ~*~*~tactically~*~*~ (hiding).
 41035 | Depths:2 | 41035 ||| DROPPING +2 plate armour of fire resistance.
 41387 | Depths:2 | Found Titeryha's General Store.
 41560 | Depths:2 | 41560 ||| Stepping ~*~*~tactically~*~*~ (hiding).
 41739 | Depths:2 | Reached XP level 23. HP: 158/159 MP: 30/30
 41793 | Depths:2 | 41793 ||| Stepping ~*~*~tactically~*~*~ (hiding).
 41804 | Depths:2 | 41804 ||| Stepping ~*~*~tactically~*~*~ (stealth).
 41807 | Depths:2 | 41807 ||| Stepping ~*~*~tactically~*~*~ (stealth).
 41812 | Depths:2 | 41812 ||| Stepping ~*~*~tactically~*~*~ (hiding).
 41941 | Depths:2 | Found a one-way gate leading to the halls of Pandemonium.
 42019 | Depths:3 | 42019 ||| INVOKING Heroism.
 42020 | Depths:3 | 42020 ||| INVOKING Finesse.
 42205 | Depths:3 | 42205 ||| Stepping ~*~*~tactically~*~*~ (hiding).
 42208 | Depths:3 | 42208 ||| Stepping ~*~*~tactically~*~*~ (hiding).
 42245 | Depths:3 | 42245 ||| Stepping ~*~*~tactically~*~*~ (stealth).
 42249 | Depths:3 | 42249 ||| Stepping ~*~*~tactically~*~*~ (hiding).
 42250 | Depths:3 | 42250 ||| Stepping ~*~*~tactically~*~*~ (hiding).
 42263 | Depths:3 | 42263 ||| INVOKING Heroism.
 42329 | Depths:3 | 42329 ||| INVOKING Heroism.
 42379 | Depths:3 | 42379 ||| Stepping ~*~*~tactically~*~*~ (hiding).
 42384 | Depths:3 | 42384 ||| INVOKING Finesse.
 42387 | Depths:3 | 42387 ||| INVOKING Heroism.
 42458 | Depths:3 | 42458 ||| INVOKING Heroism.
 42514 | Depths:3 | 42514 ||| INVOKING Heroism.
 42578 | Depths:3 | Noticed Vv
 42579 | Depths:3 | 42579 ||| Stepping ~*~*~tactically~*~*~ (hiding).
 42584 | Depths:3 | 42584 ||| Stepping ~*~*~tactically~*~*~ (hiding).
 42585 | Depths:3 | 42585 ||| Stepping ~*~*~tactically~*~*~ (hiding).
 42589 | Depths:3 | 42589 ||| DRINKING 3 potions of resistance.
 42590 | Depths:3 | 42590 ||| INVOKING Heroism.
 42616 | Depths:3 | HP: 36/160 [Vv/creeping frost (18)]
 42617 | Depths:3 | 42617 ||| READING 18 scrolls of teleportation.
 42618 | Depths:3 | 42618 ||| DRINKING 3 potions of heal wounds.
 42620 | Depths:3 | Killed Vv
 42621 | Depths:3 | Reached skill level 12 in Throwing
 42908 | Depths:3 | Found a runed translucent door.
 42908 | Depths:3 | Noticed a caustic shrike
 42909 | Depths:3 | 42909 ||| Stepping ~*~*~tactically~*~*~ (hiding).
 42918 | Depths:3 | 42918 ||| INVOKING Heroism.
 42965 | Depths:3 | Found a runed translucent door.
 43026 | Depths:3 | 43026 ||| Stepping ~*~*~tactically~*~*~ (hiding).
 43031 | Depths:3 | 43031 ||| Stepping ~*~*~tactically~*~*~ (hiding).
 43033 | Depths:3 | 43033 ||| INVOKING Heroism.
 43039 | Depths:3 | Received a gift from Okawaru
 43046 | Depths:3 | 43046 ||| Stepping ~*~*~tactically~*~*~ (hiding).
 43061 | Depths:3 | Reached skill level 22 in Fighting
 43063 | Depths:3 | Paralysed by a floating eye for 2 turns
 43074 | Depths:3 | 43074 ||| INVOKING Heroism.
 43106 | Depths:3 | 43106 ||| Stepping ~*~*~tactically~*~*~ (stealth).
 43108 | Depths:3 | 43108 ||| Stepping ~*~*~tactically~*~*~ (hiding).
 43135 | Depths:3 | Noticed a golden dragon
 43136 | Depths:3 | 43136 ||| INVOKING Heroism.
 43145 | Depths:3 | 43145 ||| INVOKING Finesse.
 43158 | Depths:3 | Killed a golden dragon
 43184 | Depths:3 | Received a gift from Okawaru
 43350 | Depths:3 | Noticed a caustic shrike
 43351 | Depths:3 | Noticed a golden dragon
 43352 | Depths:3 | 43352 ||| DROPPING +2 plate armour of fire resistance.
 43385 | Depths:4 | Entered Level 4 of the Depths
 43385 | Depths:4 | Noticed a caustic shrike
 43385 | Depths:4 | Noticed a caustic shrike
 43385 | Depths:4 | Noticed a caustic shrike
 43385 | Depths:4 | Noticed a caustic shrike
 43386 | Depths:4 | 43386 ||| STAIRDANCE
 43386 | Depths:4 | Noticed a caustic shrike
 43388 | Depths:3 | 43388 ||| INVOKING Finesse.
 43444 | Depths:3 | Noticed a golden dragon
 43476 | Depths:4 | Noticed a caustic shrike
 43477 | Depths:4 | 43477 ||| INVOKING Heroism.
 43484 | Depths:4 | Killed a caustic shrike
 43485 | Depths:4 | 43485 ||| INVOKING Finesse.
 43490 | Depths:4 | 43490 ||| STAIRDANCE
 43494 | Depths:3 | 43494 ||| READING 17 scrolls of teleportation.
 43494 | Depths:3 | HP: 38/162 [caustic shrike (22)]
 43495 | Depths:3 | 43495 ||| DRINKING 2 potions of heal wounds.
 43495 | Depths:3 | HP: 16/162 [acid (4)]
 43495 | Depths:3 | HP: 6/162 [acid (2)]
 43496 | Depths:3 | 43496 ||| DRINKING potion of heal wounds.
 43496 | Depths:3 | Slain by a red very ugly thing

Levels and vault maps discovered:
D:1:      lemuel_arrival_behind_the_door_small, layout_basic,
          hellmonk_ecumenical_altar_inner_sanctum, minmay_misc_feat_hallway,
          st_stairs_5
D:2:      layout_loops_ring
D:3:      layout_loops_corners, grunt_gozag_breadcrumbs, hangedman_decor_push,
          dreamdust_wishing_well
D:4:      layout_rooms, dancing_weapons_uskayaw
D:5:      layout_loops_cross, lemuel_coloured_pillars_altar,
          mainiacjoe_overflow_two_lobes, lemuel_temple_firewalk_a,
          dreamdust_gnoll_farm
D:6:      layout_basic, xom_confusion_cloud, mainiacjoe_overflow_boulevard,
          serial_shops, nicolae_shop_statue_plus, uniq_prince_ribbit1,
          uniq_eustachio
D:7:      layout_cave_pools, gammafunk_ghost_wrathful_warriors,
          patterned_corridor
D:8:      layout_basic, mainiacjoe_overflow_alcove_1,
          mainiacjoe_overflow_catwalk
D:9:      cheibrodos_shockbox, layout_loops_ring,
          nicolae_hepliaklqana_monster_ancestors, vehumet_altar_wand_db,
          grunt_lair_entry_orc_guard_hut, uniq_psyche
D:10:     layout_stronghold, lightli_temple_of_fire, erik_orc_2
D:11:     layout_gridville, gammafunk_ghost_nasty_kobolds
D:12:     orc_temple, layout_irregular_city, fedhas_altar_1
D:13:     layout_grid_maze, minmay_large_rounded_square, uniq_erolcha
D:14:     layout_basic, erik_vaults_1, nzn_ghost_randoct,
          hangedman_decor_points, uniq_rupert, uniq_kirke, uniq_agnes
D:15:     grunt_enter_depths_giant_problem, layout_basic, hex_tiny,
          serial_park_tiny_2, drop_trap
Temple:   compressed_dpeg_circular_temple
Lair:1:   dreamdust_isle_of_ice, layout_chaotic_city, wad_woods_river_02,
          nicolae_lair_lakeside_cave, lemuel_fruit_tree, uniq_sonja
Lair:2:   regret_index_wax_grids, layout_cave_pods,
          gammafunk_ghost_abyssal_escape
Lair:3:   layout_gridlike, minmay_shoals_entry_hut, dummy_snake_entry,
          gammafunk_ghost_berserking_beasts, grunt_megastairs_2, uniq_gastronok,
          uniq_fannar
Lair:4:   layout_regular_city, uniq_josephine
Lair:5:   grunt_lair_end_beastmaster, layout_regular_city, slime_entry_1,
          chequers_serial_rivers_micro_d
Shoals:1: nicolae_shoals_mermall, layout_shoals, nicolae_shoals_c_island
Shoals:2: layout_shoals, uniq_ilsuiw
Shoals:3: layout_shoals, nicolae_shoals_so_close
Shoals:4: shoals_end_grunt_ice, layout_shoals, nicolae_shoals_isolated_beach
Snake:1:  layout_misc_corridors, basic_altar, nicolae_snake_salamander_fort,
          uniq_asterion
Snake:2:  layout_misc_corridors, eino_curves_03, st_stairs_2,
          nicolae_shop_i_like_big_books, grunt_ministairs_15, minmay_shop_grove,
          uniq_jorgrun
Snake:3:  layout_onion_interference, nicolae_snake_gridmaze_squiggle, drop_trap,
          minmay_shop_star, serial_bayou_shore_b, serial_bayou_shore_b,
          uniq_vashnia
Snake:4:  johnstein_snake_rune_scales, layout_chambers,
          nicolae_fountain_basement, uniq_aizul, uniq_mara
Orc:1:    layout_diamond_mine, portal_ice_cave_entry_pillars_1
Orc:2:    st_orc_rangers, layout_caves, serial_shops, nicolae_lakefront_shop
Vaults:1: lightli_enter_wizlab_magi_temple, ontoclasm_vaults_ring_small,
          vaults_room_semicircle, vaults_room_grid, ontoclasm_vaults_gateway,
          nicolae_vaults_windows_and_doors_thing, v_misc_17, v_alt_pattern_6,
          nicolae_vaults_angled_halls, v_misc_1, nicolae_vaults_bisected_slash,
          vaults_room_stairs_pillars, layout_vaults_ring, uniq_saint_roka
Vaults:2: vaults_dpeg_ring, nicolae_vaults_three_branches, v_misc_12,
          hangedman_vaults_trim, nicolae_vaults_stairing_the_circle, v_misc_15,
          v_misc_3, v_misc_22, v_misc_24, vaults_room_semicircle,
          layout_vaults_big_room, serial_shops, shop, uniq_jory
Vaults:3: nicolae_vaults_little_ls, vaults_mumra_hexcomb,
          minmay_crypt_entry_simple_walls, v_misc_11,
          hangedman_vaults_restitches, nicolae_vaults_specimen_jars,
          nicolae_vaults_shelves_hall, v_rooms_1,
          nicolae_vaults_little_squares_5, layout_vaults_omnigrid, serial_shops,
          shop
Vaults:4: v_pattern_3, nicolae_vaults_little_squares_6, grunt_vaults_funnel,
          nicolae_vaults_network_square, nicolae_vaults_little_squares_4,
          v_rooms_6, nicolae_vaults_theta, v_misc_14,
          nicolae_vaults_shelves_hall, layout_vaults_omnicross, serial_shops,
          nicolae_square_shop, uniq_margery
Vaults:5
Depths:1: layout_small_grid, hangedman_coc_ice_floe,
          nicolae_cairo_tiling_very_big, nicolae_transmutations_shop,
          grunt_ministairs_5, st_stairs_8, kennysheep_inner_square
Depths:2: minmay_the_grid_octo_tiled_squarecenter
          [minmay_the_grid_octo_fan_narrow, minmay_the_grid_octo_checkered,
          minmay_the_grid_octo_vomiting_pacman, minmay_the_grid_octo_clover_2,
          minmay_the_grid_square_5x5_megaprize_open,
          minmay_the_grid_square_5x5_forky, minmay_the_grid_square_5x5_mess,
          minmay_the_grid_square_5x5_tie, minmay_the_grid_square_5x5_moneybag],
          layout_honeycomb, hell_entry, grunt_pan_entry_zigzag, serial_shops,
          shop, minmay_staircase_statues_hall_small
Depths:3: minmay_expanding_circles, layout_long_grid, serial_sigils,
          serial_sigils_hangedman_shear, serial_sigils_hangedman_quiver,
          serial_sigils_hangedman_gnaw, serial_sigils_hangedman_confine,
          serial_sigils_hangedman_scar, serial_sigils_hangedman_shear,
          hell_entry, abyss_entry, onia_ninara_cookie, uniq_vv
Depths:4: grunt_zot_entry_tricorne, layout_cave_pools, enter_ziggurat_d,
          hell_entry, enter_trove_5, nrook_kobold_shadow_demons,
          serial_bayou_shore_a

Skill      XL: |  1  2  3  4  5  6  7  8  9 10 11 12 13 14 15 16 17 18 19 20 21 22 23 |
---------------+----------------------------------------------------------------------+-----
Axes           | 2 3 4 5 6 7 9 10 11 12 14 15 16 18 | 18.0
Shields        | 4 5 6 7 10 11 12 13 14 15 16 17 18 19 20 21 | 21.2
Fighting       | 4 5 6 7 8 10 11 12 13 15 17 18 19 21 22 | 22.0
Invocations    | 2 4 5 9 10 | 10.0
Armour         | 4 5 6 7 9 10 11 12 13 14 16 17 19 20 | 20.6
Dodging        | 1 2 3 4 5 6 |  6.0
Throwing       | 1 2 3 7 8 9 10 11 12 | 12.0

Action                   |  1- 3 |  4- 6 |  7- 9 | 10-12 | 13-15 | 16-18 | 19-21 | 22-24 || total
-------------------------+-------+-------+-------+-------+-------+-------+-------+-------++-------
Melee: War axe           |    98 |   158 |   319 |   487 |    32 |       |       |       ||  1094
       Broad axe         |       |       |       |    65 |  1128 |  1465 |  1342 |   809 ||  4809
Throw: Boomerang         |       |    24 |    43 |    37 |   113 |    25 |       |    15 ||   257
       Javelin           |       |       |       |       |       |    25 |    98 |    78 ||   201
Invok: Heroism           |       |       |    20 |    23 |    40 |    43 |    40 |    24 ||   190
       Finesse           |       |       |       |     3 |    14 |     7 |     7 |    12 ||    43
  Use: Scroll            |     6 |     8 |     4 |     3 |     9 |     4 |     2 |     3 ||    39
       Potion            |       |     1 |     3 |     3 |     1 |     2 |     1 |     4 ||    15
 Stab: Petrified         |       |       |       |     7 |       |       |       |       ||     7
       Petrifying        |       |       |       |     2 |       |       |       |       ||     2
       Distracted        |       |       |       |       |     1 |       |       |     1 ||     2
Armor: Scale mail        |    39 |       |       |       |       |       |       |       ||    39
       Plate armour      |       |   117 |   178 |   297 |   409 |   743 |   542 |   343 ||  2629
Dodge: Dodged            |    40 |    33 |    40 |   165 |   175 |   395 |   252 |   138 ||  1238
Block: Buckler           |    11 |       |       |       |       |       |       |       ||    11
       Kite shield       |    18 |    69 |    41 |       |       |       |       |       ||   128
       Tower shield      |       |       |   187 |   664 |   971 |  1845 |  1190 |   597 ||  5454

Table legend:
 A = Non-vault XP
 B = Vault XP
 C = Vault XP percentage of total XP
 D = Non-vault monster count
 E = Vault monster count
 F = Vault count percentage of total count
                 A         B        C        D         E       F
            +---------+---------+-------+---------+---------+-------
      Total |  448289 |  326241 |  42.1 |     998 |     570 |  36.4
            +---------+---------+-------+---------+---------+-------
        D:1 |      18 |       6 |  25.0 |      12 |       3 |  20.0
        D:2 |      71 |       0 |   0.0 |      14 |       0 |   0.0
        D:3 |     122 |       0 |   0.0 |      16 |       0 |   0.0
        D:4 |     161 |       0 |   0.0 |      14 |       0 |   0.0
        D:5 |     253 |      87 |  25.6 |      13 |       4 |  23.5
        D:6 |     702 |     687 |  49.5 |       9 |       7 |  43.8
        D:7 |     881 |       0 |   0.0 |      19 |       0 |   0.0
        D:8 |     706 |       0 |   0.0 |      16 |       0 |   0.0
        D:9 |    1031 |    1007 |  49.4 |      15 |       9 |  37.5
       D:10 |    2315 |     674 |  22.5 |      13 |      21 |  61.8
       D:11 |    2832 |       0 |   0.0 |       7 |       0 |   0.0
       D:12 |    4640 |    5853 |  55.8 |      22 |      28 |  56.0
       D:13 |    4344 |     851 |  16.4 |       8 |       1 |  11.1
       D:14 |   12961 |    6207 |  32.4 |      30 |       5 |  14.3
       D:15 |   10572 |    1106 |   9.5 |      28 |       1 |   3.4
     Lair:1 |    7846 |    9306 |  54.3 |      22 |      36 |  62.1
     Lair:2 |    5599 |    5818 |  51.0 |      18 |      46 |  71.9
     Lair:3 |    3507 |    2692 |  43.4 |      14 |       3 |  17.6
     Lair:4 |    9843 |    1865 |  15.9 |      26 |       6 |  18.8
     Lair:5 |   19454 |    7578 |  28.0 |      64 |      16 |  20.0
   Shoals:1 |   12134 |    3145 |  20.6 |      23 |       8 |  25.8
   Shoals:2 |   25881 |    5863 |  18.5 |      51 |       6 |  10.5
   Shoals:3 |   17369 |     198 |   1.1 |      36 |       1 |   2.7
   Shoals:4 |   16051 |   17852 |  52.7 |      32 |      32 |  50.0
    Snake:1 |   14411 |    8734 |  37.7 |      30 |      13 |  30.2
    Snake:2 |   12993 |    3730 |  22.3 |      26 |       5 |  16.1
    Snake:3 |   29291 |    7116 |  19.5 |      52 |       6 |  10.3
    Snake:4 |   26182 |   28814 |  52.4 |      47 |      42 |  47.2
      Orc:1 |    4198 |       0 |   0.0 |      36 |       0 |   0.0
      Orc:2 |    3263 |    5822 |  64.1 |      26 |      38 |  59.4
   Vaults:1 |   15083 |   20185 |  57.2 |      28 |      38 |  57.6
   Vaults:2 |   28124 |   12918 |  31.5 |      41 |      16 |  28.1
   Vaults:3 |   23694 |   22795 |  49.0 |      34 |      33 |  49.3
   Vaults:4 |   30290 |   45218 |  59.9 |      42 |      53 |  55.8
   Vaults:5 |    3673 |   22846 |  86.1 |       4 |      20 |  83.3
   Depths:1 |   36117 |    6160 |  14.6 |      40 |       8 |  16.7
   Depths:2 |   30794 |   40605 |  56.9 |      38 |      40 |  51.3
   Depths:3 |   25724 |   30503 |  54.2 |      29 |      25 |  46.3
   Depths:4 |    5159 |       0 |   0.0 |       3 |       0 |   0.0
            +---------+---------+-------+---------+---------+-------
